 Dungeon Crawl Stone Soup version 0.26.1-2-gb8aa6d0 (webtiles) character file.

Game seed: 8942700120310541561

9361317 MercyWheel the Petrodigitator (level 27, 165/165 HPs)
             Began as a Gargoyle Earth Elementalist on Mar 13, 2021.
             Was the Champion of the Shining One.
             Escaped with the Orb
             ... and 15 runes on May 5, 2021!
             The game lasted 11:53:38 (185773 turns).

MercyWheel the Petrodigitator (GrEE)              Turns: 185773, Time: 11:53:39

Health: 165/165    AC: 51    Str: 23    XL:     27
Magic:  43/66      EV: 32    Int: 26    God:    the Shining One [******]
Gold:   12769      SH: 24    Dex: 17    Spells: 32/80 levels left

rFire    + + +     SeeInvis .   a - +9 sacred scourge (holy)
rCold    + + .     Faith    .   e - +5 kite shield {reflect}
rNeg     + + +     Spirit   .   l - +2 scale mail of Inquiry {rF+++ rCorr Str+2 Int-2}
rPois    ∞         Reflect  +   p - +2 hat "Heaskavo" {Regen+ MP+9 Str+7}
rElec    +         Harm     .   x - +2 cloak {rCorr}
rCorr    +         Rampage  .   U - +3 pair of gauntlets of War {Slay+5}
Will     ++...     NoTele   +   n - +2 pair of boots of Lies {-Tele rN+ MP+9 Dex+4}
Stlth    +.........             P - amulet "Yxkur" {RegenMP +Inv Slay+3}
HPRegen  1.17/turn              Y - ring of protection from cold
MPRegen  0.65/turn              c - ring of protection from cold

@: flying, hasted, glowing, very quick
A: big wings, hooves 1, horns 2, repulsion field 1, molten scales 1, rugged
brown scales 1, agile 1, blurry vision 1, clever 1, deformed body, frail 2, low
mp 1, negative energy resistance 1, regeneration 1, electricity resistance,
unbreathing, petrification resistance, miasma immunity, subdued magic 1, AC +20
0: Orb of Zot
}: 15/15 runes: decaying, slimy, silver, golden, iron, obsidian, icy, bone,
abyssal, demonic, glowing, magical, fiery, dark, gossamer
a: Stop Flying, Renounce Religion, Evoke Invisibility, Divine Shield, Cleansing
Flame, Summon Divine Warrior


You escaped.
You worshipped the Shining One.
The Shining One was exalted by your worship.
You visited 18 branches of the dungeon, and saw 90 of its levels.
You visited Pandemonium 3 times, and saw 51 of its levels.
You visited the Abyss 2 times.
You also visited: Trove and Ice Cave.

You collected 15303 gold pieces.
You spent 2534 gold pieces at shops.

Inventory:

Hand Weapons
 a - a +9 sacred scourge of holy wrath (weapon)
 C - the +11 fustibalus "Umuxi" {flame, +Inv rF+ Dex+3}
   (You found it on level 3 of the Elven Halls)

   It causes projectiles fired from it to burn those they strike, causing extra
   injury to most foes and up to half again as much damage against particularly
   susceptible opponents.
   It affects your dexterity (+3).
   It protects you from fire.
   It lets you turn invisible.
Armour
 e - a +5 kite shield of reflection (worn)
 h - the +10 tower shield of Ignorance {rN+ Int-4}
   (You acquired it in Pandemonium)

   It affects your intelligence (-4).
   It protects you from negative energy.
 l - the +2 scale mail of Inquiry (worn) {rF+++ rCorr Str+2 Int-2}
   (You found it on level 10 of the Dungeon)

   It affects your strength (+2).
   It affects your intelligence (-2).
   It renders you almost immune to fire.
   It provides partial protection from all sources of acid and corrosion.
 n - the +2 pair of boots of Lies (worn) {-Tele rN+ MP+9 Dex+4}
   (You found it on level 3 of the Elven Halls)

   It affects your dexterity (+4).
   It protects you from negative energy.
   It affects your magic capacity (+9).
   It prevents most forms of teleportation.
 p - the +2 hat "Heaskavo" (worn) {Regen+ MP+9 Str+7}
   (You found it in a treasure trove)

   It affects your strength (+7).
   It affects your magic capacity (+9).
   It increases your rate of regeneration.
 x - a +2 cloak of preservation (worn)
 O - a +2 helmet of see invisible
 U - the +3 pair of gauntlets of War (worn) {Slay+5}
   (You found it in an ice cave)

   It affects your accuracy and damage with ranged weapons and melee attacks
   (+5).
Magical Staves
 b - an uncursed staff of earth
Jewellery
 c - a ring of protection from cold (right hand)
 r - an uncursed ring of willpower
 P - the amulet "Yxkur" (around neck) {RegenMP +Inv Slay+3}
   (You found it in Pandemonium)

   [amulet of magic regeneration]

   It increases your magic regeneration.
   It affects your accuracy and damage with ranged weapons and melee attacks
   (+3).
   It lets you turn invisible.
 S - a +6 ring of intelligence
 T - the ring of Ukae {rElec MP+9 Int+2}
   (You found it in an ice cave)

   [ring of magical power]

   It affects your intelligence (+2).
   It insulates you from electricity.
   It affects your magic capacity (+9).
 W - a +6 ring of strength
 X - an uncursed ring of willpower
 Y - a ring of protection from cold (left hand)
Wands
 s - a wand of digging (32)
 D - a wand of polymorph (25)
 E - a wand of acid (25)
 K - a wand of disintegration (14)
Scrolls
 d - 11 scrolls of fear
 f - 10 scrolls of identify
 g - 41 scrolls of remove curse
 q - 6 scrolls of summoning
 u - 33 scrolls of teleportation
 y - 9 scrolls of enchant weapon
 H - 3 scrolls of fog
 J - a scroll of magic mapping
 L - 13 scrolls of amnesia
 N - 3 scrolls of enchant armour
 Q - 4 scrolls of blinking
 Z - 9 scrolls of immolation
Potions
 i - 7 potions of brilliance
 j - 5 potions of invisibility
 k - 3 potions of cancellation
 o - 6 potions of mutation
 t - 14 potions of curing
 v - 5 potions of resistance
 w - 16 potions of lignification
 z - 7 potions of heal wounds
 F - a potion of magic
 G - 5 potions of haste
 I - 17 potions of ambrosia
 R - a potion of might
Miscellaneous
 m - a phantom mirror
 A - a phial of floods
 B - a figurine of a ziggurat
 M - a lightning rod (4/4)
 V - a box of beasts


   Skills:
 O Level 27 Fighting
 * Level 21.1 Maces & Flails
 - Level 3.1 Slings
 O Level 27 Armour
 O Level 27 Dodging
 - Level 2.1 Stealth
 O Level 27 Shields
 O Level 27 Spellcasting
 O Level 27 Conjurations
 - Level 8.0 Summonings
 - Level 6.1 Translocations
 - Level 0.7 Transmutations
 - Level 6.0 Air Magic
 O Level 27 Earth Magic
 - Level 13.0 Invocations


You had 32 spell levels left.
You knew the following spells:

 Your Spells              Type           Power        Failure   Level
a - Summon Lightning Spi  Summ/Air       53%          1%          4
c - Iron Shot             Conj/Erth      47%          0%          6
d - Orb of Destruction    Conj           47%          0%          7
e - Lehudib's Crystal Sp  Conj/Erth      47%          1%          8
f - Passage of Golubria   Tloc           N/A          1%          4
g - Shatter               Erth           47%          1%          9
h - Sandblast             Erth           100%         0%          1
i - Stone Arrow           Conj/Erth      100%         0%          3
j - Swiftness             Air            50%          1%          2
k - Apportation           Tloc           100%         1%          1
l - Blink                 Tloc           N/A          1%          2
m - Magic Dart            Conj           100%         0%          1

Your spell library contained the following spells:

 Spells                   Type           Power        Failure   Level
 Foxfire                  Conj/Fire      100%         0%          1
 Shock                    Conj/Air       100%         0%          1
 Passwall                 Tmut/Erth      58%          0%          2
 Searing Ray              Conj           100%         0%          2
 Conjure Flame            Conj/Fire      69%          0%          3
 Dazzling Flash           Conj/Hex       100%         0%          3
 Static Discharge         Conj/Air       75%          0%          3
 Iskenderun's Mystic Bla  Conj/Tloc      75%          0%          4
 Bolt of Magma            Conj/Fire/Erth 39%          0%          5
 Iskenderun's Battlesphe  Conj           94%          0%          5
 Lee's Rapid Deconstruct  Erth           47%          0%          5
 Animate Skeleton         Necr           54%          1%          1
 Beastly Appendage        Tmut           58%          1%          1
 Corona                   Hex            30%          1%          1
 Freeze                   Ice            100%         1%          1
 Pain                     Necr           100%         1%          1
 Sting                    Tmut/Pois      100%         1%          1
 Summon Small Mammal      Summ           100%         1%          1
 Call Imp                 Summ           56%          1%          2
 Corpse Rot               Necr/Air       N/A          1%          2
 Ensorcelled Hibernation  Hex/Ice        54%          1%          2
 Poisonous Vapours        Pois/Air       78%          1%          2
 Slow                     Hex            27%          1%          2
 Wereblood                Tmut           29%          1%          2
 Call Canine Familiar     Summ           56%          1%          3
 Gell's Gravitas          Tloc           25%          1%          3
 Lesser Beckoning         Tloc           25%          1%          3
 Mephitic Cloud           Conj/Pois/Air  63%          1%          3
 Portal Projectile        Hex/Tloc       78%          1%          3
 Summon Guardian Golem    Hex/Summ       43%          1%          3
 Teleport Other           Tloc           51%          1%          3
 Airstrike                Air            25%          1%          4
 Fulminant Prism          Conj/Hex       34%          1%          4
 Hailstorm                Conj/Ice       69%          1%          4
 Leda's Liquefaction      Hex/Erth       34%          1%          4
 Petrify                  Tmut/Erth      70%          1%          4
 Sticky Flame             Conj/Fire      69%          1%          4
 Summon Ice Beast         Ice/Summ       43%          1%          4
 Borgnjor's Vile Clutch   Necr/Erth      34%          1%          5
 Fireball                 Conj/Fire      34%          1%          5
 Irradiate                Conj/Tmut      35%          1%          5
 Lightning Bolt           Conj/Air       37%          1%          5
 Summon Demon             Summ           28%          1%          5
 Summon Forest            Summ/Tloc      26%          1%          5
 Conjure Ball Lightning   Conj/Air       37%          1%          6
 Freezing Cloud           Conj/Ice/Air   31%          1%          6
 Starburst                Conj/Fire      34%          1%          6
 Spellforged Servitor     Conj/Summ      38%          1%          7
 Confusing Touch          Hex            27%          2%          3
 Frozen Ramparts          Ice            54%          2%          3
 Ignite Poison            Fire/Tmut/Pois 27%          2%          3
 Inner Flame              Hex/Fire       27%          2%          3
 Ozocubu's Armour         Ice            27%          2%          3
 Spider Form              Tmut/Pois      14%          2%          3
 Tukima's Dance           Hex            27%          2%          3
 Vampiric Draining        Necr           13%          2%          3
 Summon Mana Viper        Hex/Summ       43%          4%          5
 Shadow Creatures         Summ           N/A          5%          6
 Chain Lightning          Conj/Air       37%          7%          8
 Ice Form                 Ice/Tmut       28%          8%          4
 Silence                  Hex/Air        19%          8%          5
 Animate Dead             Necr           13%          10%         4
 Cause Fear               Hex            13%          10%         4
 Dispel Undead            Necr           27%          10%         4
 Olgreb's Toxic Radiance  Pois           27%          10%         4
 Dispersal                Tloc           25%          12%         6
 Blade Hands              Tmut           14%          21%         5
 Alistair's Intoxication  Tmut/Pois      18%          24%         5
 Yara's Violent Unravell  Hex/Tmut       14%          24%         5
 Agony                    Necr           27%          28%         5
 Excruciating Wounds      Necr           13%          28%         5
 Metabolic Englaciation   Hex/Ice        13%          28%         5
 Monstrous Menagerie      Summ           28%          32%         7
 Summon Greater Demon     Summ           28%          32%         7
 Summon Hydra             Summ           28%          32%         7
 Malign Gateway           Summ/Tloc      26%          45%         7
 Hydra Form               Tmut           14%          77%         6
 Eringya's Noxious Bog    Tmut/Pois      14%          80%         6
 Death Channel            Necr           13%          85%         6
 Invisibility             Hex            27%          85%         6
 Ozocubu's Refrigeration  Ice            13%          85%         6
 Simulacrum               Ice/Necr       13%          85%         6
 Haunt                    Necr/Summ      21%          86%         7
 Summon Horrible Things   Summ           28%          95%         8
 Disjunction              Tloc           25%          99%         8
 Fire Storm               Conj/Fire      34%          99%         9
 Dragon Form              Tmut           14%          100%        7
 Borgnjor's Revivificati  Necr           13%          100%        8
 Discord                  Hex            13%          100%        8
 Ignition                 Fire           13%          100%        8
 Infestation              Necr           13%          100%        8
 Necromutation            Tmut/Necr      14%          100%        8
 Absolute Zero            Ice            13%          100%        9
 Death's Door             Necr           13%          100%        9
 Dragon's Call            Summ           28%          100%        9
 Tornado                  Air            25%          100%        9
 Sublimation of Blood     Necr           Unusable     N/A         2
 Statue Form              Tmut/Erth      Unusable     N/A         6

Dungeon Overview and Level Annotations

Branches:
Dungeon (15/15)            Temple (1/1) D:4            Lair (6/6) D:10
  Swamp (4/4) Lair:4       Spider (4/4) Lair:4        Slime (5/5) Lair:6
    Orc (2/2) D:11            Elf (3/3) Orc:2        Vaults (5/5) D:14
  Crypt (3/3) Vaults:3       Tomb (3/3) Crypt:3      Depths (5/5) D:15
   Hell (visited)             Dis (7/7) Hell            Geh (7/7) Hell
    Coc (7/7) Hell            Tar (7/7) Hell            Zot (5/5) Depths:5
  IceCv (visited)

Altars:
Ashenzari
Cheibriados
Dithmenos
Elyvilon
Fedhas
Gozag
Hepliaklqana
Kikubaaqudgha
Makhleb
Nemelex Xobeh
Okawaru
Qazlal
Ru
Sif Muna
Trog
Uskayaw
Vehumet
Wu Jian
Xom
Yredelemnul
Zin
The Shining One
Beogh
Jiyva

Shops:
D:5 !   D:9 *   D:10 (:   D:14 *   Orc:1 *   Orc:2 :[(*   Elf:1 (   Elf:3 *
Vaults:2 [   Depths:1 *   Depths:2 }   Depths:4 =*?   Depths:5 *

Portals:
Hell: Depths:1 Depths:2 Depths:3 Depths:4 Depths:5
Abyss: D:10 Swamp:2 Depths:2 Depths:3 Depths:4 Depths:5
Pandemonium: Depths:1 Depths:3 Depths:5
Ziggurat: Depths:2

Annotations:
D:2 exclusion: downstairs
D:3 exclusion: 2 downstairs
D:5 exclusion: downstairs
D:6 exclusion: downstairs
D:10 2 transporters, exclusion: 2 upstairs, Geeful's ghost, journeyman OpDe
D:12 exclusion: downstairs
D:13 exclusion: 2 downstairs
Lair:3 exclusion: downstairs
Swamp:2 2 transporters, Iffuusoj's ghost, adept MiBe
Swamp:3 3 runed translucent doors, Feizai's ghost, journeyman GrFi
Spider:3 exclusion: downstairs
Vaults:1 exclusion: downstairs
Vaults:4 exclusion: 2 downstairs
Depths:1 1 runed translucent door
Depths:4 exclusion: downstairs
Dis:7 Dispater
Zot:2 exclusion: 2 downstairs


Innate Abilities, Weirdness & Mutations

You are resistant to torment.
Your stone body is resilient. (AC +20)
You are immune to poison.
Your large and strong wings let you fly indefinitely.
You resist negative energy. (rN+)
You are resistant to electric shocks. (rElec)
You can survive without breathing.
You are immune to petrification.
You are immune to miasma.
You have large cloven feet.
You have a pair of horns on your head.
You are surrounded by a mild repulsion field. (EV +2)
You are partially covered in molten scales. (AC +2)
You are partially covered in rugged brown scales. (AC +1, +3% HP)
You are agile. (Dex +2)
Scrolls take you a little longer to read.
Your mind is acute. (Int +2)
Armour fits poorly on your strangely shaped body.
You are very frail. (-20% HP)
Your magical capacity is low. (-10% MP)
Your natural rate of healing is unusually fast.
Your spells are a little easier to cast, but a little less powerful.


Message History

An Ice Fiend comes into view.
Casting: Shatter (dangerous; 1% risk of failure)
Confirm with . or Enter, or press ? or * to list all spells.
The dungeon rumbles!
Ka-crash!
Casting: Shatter (dangerous; 1% risk of failure)
Confirm with . or Enter, or press ? or * to list all spells.
The dungeon rumbles!
Ka-crash!
Casting: Shatter (dangerous; 1% risk of failure)
Confirm with . or Enter, or press ? or * to list all spells.
The dungeon rumbles!
Ka-crash!
Aiming: Dig
Press: ? - help, Shift-Dir - straight line A rock wall.
This square is lit by a halo and is covered in magical glow.
The rock shatters into small pieces.
Found a potion of mutation.
There is a staircase leading out of the dungeon here.
A rust devil comes into view.
There is a staircase leading out of the dungeon here.
You have escaped!

.#...##..#.##..♣♣
.##.# ##.##1#...♣♣
.##. ## ##.....♣ ...
##....♣♣ ..#
##......♣ .##
##.......♣ ##
###8..8....♣ #
#.'.4......♣♣ #
#.'......@..♣
########.'........♣♣
.†..)....#8..8..8.♣
[...#######......♣♣
....# ##.....♣ ....#
##...♣♣ ....# #...♣
...###### #...♣
........# #...♣


You could see an Ice Fiend and a rust devil.

Vanquished Creatures
  Cerebov (Pan)
  the Royal Jelly (Slime:5)
  Asmodeus (Geh:7)
  Ignacio (Pan)
  Gloorx Vloq (Pan)
  Mnoleg (Pan)
  Ereshkigal (Tar:7)
  Lom Lobon (Pan)
  18 pandemonium lords (Pan)
  10 orbs of fire
  Mara (Depths:4)
  Mennas (Pan)
  13 ancient liches
  30 royal mummies
  Sojobo (Tomb:2)
  Boris (Tomb:2)
  18 shard shrikes
  5 Killer Klowns
  The ghost of lmSkywalker the Warrior, an adept DrTm of Okawaru (D:15)
  Saint Roka (Crypt:1)
  Bai Suzhen (Vaults:2)
  Margery (Crypt:1)
  5 caustic shrikes
  A curse toe (Zot:2)
  12 golden dragons
  13 bone dragons
  the Enchantress (Depths:5)
  Geryon (Hell)
  2 profane servitors (Crypt:3)
  3 electric golems
  8 doom hounds
  24 Brimstone Fiends
  17 liches
  32 Tzitzimimeh
  18 iron giants
  A hellephant (Abyss:4)
  19 Hell Sentinels
  27 tentacled monstrosities
  17 Ice Fiends
  32 Orb Guardians
  The ghost of Kave the Grappler, an adept TrTm of Sif Muna (Elf:3)
  8 quicksilver dragons
  Rupert (D:13)
  2 deep elf blademasters (Elf:3)
  32 acid blobs
  16 tentacled starspawn
  29 ancient champions
  4 titans
  Murray (Hell)
  49 Executioners
  An eldritch tentacle (Pan)
  2 deep elf master archers (Elf:3)
  A thorn hunter (Swamp:4)
  14 death cobs
  28 shadow dragons
  7 tengu reavers
  11 sphinxes
  Donald (Swamp:3)
  Kirke (Swamp:3)
  6 revenants
  15 storm dragons
  The ghost of Axipewex the Grappler, a journeyman OgTm of Okawaru (D:14)
  A daeva (Abyss:4)
  6 draconian monks
  15 fire giants
  8 azure jellies
  A fire giant (shapeshifter) (Vaults:5)
  9 frost giants
  Louise (Depths:5)
  15 blood saints (Pan)
  20 vault wardens
  9 deep elf sorcerers
  9 iron dragons
  4 draconian scorchers
  8 draconian knights
  15 warmongers
  6 ghost moths
  32 cacodemons
  6 emperor scorpions
  4 curse skulls
  47 balrugs
  3 draconian stormcallers
  An angel (Pan)
  79 reapers
  4 spriggan defenders
  6 deep elf elementalists
  8 draconian annihilators
  12 ghouls
  A juggernaut zombie (Depths:2)
  5 draconian shifters
  20 war gargoyles
  28 very ugly things
  11 ironheart preservers
  4 elemental wellsprings
  16 bennus
  12 corrupters (Pan)
  5 green draconians
  4 ophanim (Pan)
  20 stone giants
  5 deep elf demonologists
  14 black suns (Pan)
  A dire elephant (shapeshifter) (Vaults:1)
  9 purple draconians
  34 lorocyprocas
  10 vampire knights
  8 deep elf annihilators
  6 black draconians
  18 red draconians
  10 entropy weavers
  10 white draconians
  3 spark wasps
  12 eidola
  11 yellow draconians
  32 green deaths
  3 bunyips
  A merfolk impaler (Depths:1)
  32 blizzard demons
  The ghost of DunwichHorror the Blocker, a journeyman GnFi of Okawaru (D:14)
  4 eleionomae
  Josephine (Lair:4)
  2 crystal guardians (Abyss:4)
  A shambling mangrove (Swamp:3)
  7 jiangshi
  14 ettins
  16 deep elf death magi
  12 fire dragons
  19 mummy priests
  8 death oozes
  10 quicksilver dragon zombies
  30 ice dragons
  25 yaktaur captains
  29 vault guards
  A kraken zombie (Coc:7)
  2 deep elf high priests (Elf:3)
  22 great orbs of eyes
  2 great orbs of eyes (shapeshifter)
  Erolcha (Orc:2)
  21 monstrous demonspawn
  2 naga warriors
  6 boulder beetles
  14 quicksilver dragon skeletons
  17 rakshasas
  26 hydras
  2 ghost crabs
  12 hell beasts
  5 death knights
  10 spriggan air magi
  A hydra (shapeshifter) (Abyss:4)
  5 alligators
  A catoblepas (Lair:6)
  10 centaur warriors
  24 two-headed ogres
  7 deep troll earth magi
  11 ogre magi
  12 deep troll shamans
  55 death scarabs
  31 dancing weapons
  A satyr (shapeshifter) (Vaults:4)
  6 tengu warriors
  4 death yaks (Lair:6)
  13 vampire magi
  44 hell hogs
  3 orc high priests
  Urug (Orc:1)
  11 titan zombies
  5 spriggan berserkers
  22 thrashing horrors
  A shock serpent (Depths:5)
  10 storm dragon zombies
  62 soul eaters
  11 titan skeletons
  19 wretched stars (Abyss:4)
  21 iron golems
  28 deep elf knights
  101 sun demons
  A fire crab (shapeshifter) (Abyss:4)
  5 spatial maelstroms
  71 hell knights
  17 iron trolls
  7 golden dragon zombies
  24 shadow wraiths
  39 sixfirhies
  4 goliath frogs
  7 ghost moth zombies
  A quicksilver dragon simulacrum (Coc:7)
  A cherub (Pan)
  3 death drakes
  6 storm dragon skeletons
  24 deep trolls
  9 swamp dragons
  11 unseen horrors
  11 glowing orange brains
  174 skeletal warriors
  2 spriggan druids (Swamp:1)
  13 anaconda zombies
  14 bog bodies
  25 infernal demonspawn (Pan)
  25 deep elf archers
  13 flayed ghosts
  17 gelid demonspawn (Pan)
  16 torturous demonspawn
  An orange crystal statue (Depths:1)
  6 wizards
  47 shadow demons
  12 wolf spider zombies
  83 starcursed masses
  22 orc knights
  3 harpies (Vaults:5)
  18 ironbrand convokers
  8 shadow dragon zombies
  30 necromancers
  7 anaconda skeletons
  5 golden dragon skeletons
  A swamp dragon (shapeshifter) (Vaults:4)
  A kraken simulacrum (Coc:3)
  13 orc sorcerers
  39 phantasmal warriors
  13 fire giant zombies
  7 stone giant zombies
  81 deep elf magi
  18 iron dragon zombies
  A lindwurm (Lair:3)
  A wolf spider (shapeshifter) (Abyss:4)
  An orb spider (shapeshifter) (Vaults:1)
  A cyclops (shapeshifter) (Vaults:5)
  4 manticores
  A salamander (Geh:7)
  23 orb spiders
  59 ugly things
  31 wolf spiders
  A faun (shapeshifter) (Depths:3)
  A glowing shapeshifter (Pan)
  5 oklob plants
  9 shining eyes
  6 draconians (Zot:3)
  4 will-o-the-wisps
  34 moths of wrath
  4 worldbinders (Abyss:4)
  6 cyclopes
  11 frost giant zombies
  A salamander (shapeshifter) (D:14)
  A goliath frog skeleton (Crypt:2)
  5 iron dragon skeletons
  A shadow dragon skeleton (Geh:7)
  11 frost giant skeletons
  58 rust devils
  3 eyes of devastation
  3 shock serpent zombies
  Maurice (D:13)
  8 fire giant skeletons
  4 ice statues
  6 black mambas
  5 elephants (Lair:4)
  9 stone giant skeletons
  A naga mage (Abyss:4)
  5 dire elephant zombies
  A gargoyle (D:14)
  2 guardian serpents (shapeshifter)
  91 smoke demons
  2 shock serpent skeletons
  A guardian serpent (Abyss:4)
  3 elf skeletons
  14 molten gargoyles
  4 apocalypse crabs
  A torpor snail (Spider:3)
  An elephant slug zombie (Crypt:1)
  16 vault sentinels
  A cane toad (shapeshifter) (Elf:1)
  9 cane toads
  A yellow draconian zombie (Tar:7)
  48 orange demons
  A purple draconian zombie (Crypt:2)
  13 dire elephant skeletons
  A rime drake (shapeshifter) (Elf:3)
  37 freezing wraiths
  2 elf zombies
  5 spectral swamp worms (Depths:4)
  2 iron troll zombies (Dis:2)
  A kobold demonologist (D:11)
  35 demonic crawlers
  35 hellwings
  8 rime drakes
  18 efreet
  9 emperor scorpion zombies
  An alligator snapping turtle skeleton (Crypt:2)
  An anaconda simulacrum (Tar:4)
  90 yaktaurs
  64 tormentors
  43 ice devils
  2 minotaur zombies
  A yaktaur zombie (Vaults:4)
  48 guardian mummies
  76 red devils
  5 human skeletons
  9 komodo dragons
  48 hellions
  18 ancient zymes (Abyss:4)
  A golden dragon simulacrum (Abyss:4)
  30 small abominations
  2 catoblepas skeletons
  2 tengu conjurers
  17 hydra zombies
  6 silent spectres
  42 jumping spiders
  A yellow draconian skeleton (Crypt:1)
  5 harpy zombies
  An iron troll skeleton (Crypt:1)
  A tyrant leech (shapeshifter) (Depths:2)
  2 meliai (shapeshifter) (Abyss:4)
  A jumping spider (shapeshifter) (Vaults:5)
  A queen bee (D:11)
  7 trolls
  12 hydra skeletons
  8 tyrant leeches
  A polar bear (shapeshifter) (Vaults:4)
  A hornet (shapeshifter) (Abyss:4)
  A bloated husk (Swamp:1)
  21 hornets
  Prince Ribbit (D:6)
  6 alligator zombies
  15 fire dragon zombies
  5 polar bears
  12 ice dragon zombies
  10 blink frogs
  17 ettin zombies
  A harpy skeleton (Geh:7)
  132 slime creatures
  An iron dragon simulacrum (Hell)
  42 raiju (Abyss:4)
  5 air elementals
  4 ice dragon skeletons
  3 black mamba zombies
  71 redbacks
  39 shadows
  A spriggan simulacrum (Depths:4)
  Sigmund (D:5)
  11 spriggans
  3 wyverns
  A centaur simulacrum (D:13)
  11 ettin skeletons
  204 flying skulls
  2 vampires (Depths:1)
  An orc simulacrum (Vaults:2)
  25 ushabtiu
  8 fire dragon skeletons
  2 spriggans (shapeshifter)
  51 wraiths
  A dire elephant simulacrum (Abyss:4)
  A human (shapeshifter) (Vaults:4)
  48 yaks
  4 alligator skeletons
  126 large abominations
  19 water elementals
  58 ynoxinuls
  19 tarantellas
  2 black mamba skeletons
  6 fire bats
  23 fire elementals
  A hog (Swamp:2)
  2 hogs (shapeshifter)
  18 golden eyes
  A basilisk (shapeshifter) (Vaults:5)
  4 basilisks
  54 chaos spawn
  38 neqoxecs
  An emperor scorpion simulacrum (Tar:2)
  A wind drake skeleton (Crypt:2)
  11 vampire mosquitoes
  A yaktaur simulacrum (Vaults:1)
  3 spatial vortices
  18 swamp worms
  6 human zombies
  3 wargs
  Edmund (D:4)
  2 merfolk zombies
  A nameless horror (D:11)
  An acid dragon (shapeshifter) (Vaults:5)
  A soldier ant (shapeshifter) (Depths:4)
  14 cane toad zombies
  50 hell hounds
  A soldier ant (D:14)
  15 water moccasins
  3 hydra simulacra
  8 cane toad skeletons
  A merfolk skeleton (Tar:2)
  4 floating eyes
  9 sky beasts
  7 swamp drakes
  16 ice beasts
  2 alligator simulacra
  2 ice dragon simulacra
  12 snapping turtle zombies
  A fire dragon simulacrum (Coc:2)
  60 orc warriors
  7 phantoms
  49 necrophages
  3 boggarts (D:14)
  8 manticore zombies
  22 ogres
  19 eyes of draining
  5 wolves
  8 centaurs
  3 manticore skeletons
  2 swamp dragon zombies
  9 snapping turtle skeletons
  10 big kobolds
  4 earth elementals
  10 bullfrogs
  3 gnoll sergeants (D:11)
  A deep troll simulacrum (Vaults:5)
  A wyvern zombie (D:7)
  A draconian skeleton (Crypt:1)
  A water moccasin skeleton (Crypt:1)
  A spriggan zombie (Dis:4)
  A troll zombie (Geh:2)
  12 wyvern skeletons (Crypt:3)
  5 scorpions
  2 spriggan skeletons
  30 killer bees
  9 howler monkeys
  2 electric eels
  99 wights
  5 crimson imps
  2 bullfrog zombies
  5 centaur zombies
  6 quasits
  A black bear zombie (Crypt:1)
  7 jellies
  A hound (shapeshifter) (Elf:3)
  5 hounds
  22 orc priests
  32 orc wizards
  2 bullfrog skeletons
  65 iron imps
  12 centaur skeletons
  2 iguanas
  Terence (D:3)
  13 worker ants
  14 hell rats
  A naga zombie (Geh:2)
  A tengu zombie (Hell)
  A naga skeleton (Geh:7)
  A tengu skeleton (Tar:6)
  An acid dragon skeleton (Crypt:1)
  A hound skeleton (D:9)
  58 mummies
  10 adders
  13 gnolls
  A swamp drake zombie (Crypt:2)
  3 worker ant zombies
  A howler monkey skeleton (D:6)
  14 shadow imps
  30 white imps
  13 ufetubi
  2 adder zombies (D:8)
  An adder skeleton (D:5)
  2 worms
  2 dart slugs (D:1)
  4 leopard geckos
  93 orcs
  3 ball pythons
  8 bats
  A bat (shapeshifter) (Elf:3)
  9 giant cockroaches
  A giant cockroach (shapeshifter) (Elf:3)
  11 hobgoblins
  A jackal (shapeshifter) (Elf:3)
  2 jackals (D:4)
  60 kobolds
  4 quokkas
  A ball python skeleton (Crypt:1)
  5 frilled lizards
  A frilled lizard (shapeshifter) (Elf:3)
  A giant cockroach zombie (Crypt:1)
  7 goblins
  2 jackal skeletons
  3 orc zombies
  5 rats
  A rat skeleton (Crypt:2)
  A ball lightning (Pan)
  41 briar patches (Pan)
  2 crawling corpses (Elf:3)
  12 fire vortices (Pan)
  4 lurking horrors (Abyss:4)
  7 starspawn tentacles (Abyss:4)
  2 tentacles
  A withered plant (Crypt:3)
6637 creatures vanquished.

Vanquished Creatures (collateral kills)
  Antaeus (Coc:7)
  A thorn hunter (Swamp:4)
  An Executioner (Dis:7)
  2 orc warlords
  A vault warden (Vaults:3)
  An ironheart preserver (Vaults:2)
  A stone giant (Vaults:3)
  Snorg (Orc:1)
  An ogre mage (Vaults:3)
  4 vault guards
  2 catoblepae (Lair:6)
  Erica (Lair:2)
  A centaur warrior (D:13)
  3 two-headed ogres (Vaults:3)
  2 death yaks (Lair:6)
  A deep elf knight (Vaults:3)
  A skeletal warrior (Coc:7)
  A flayed ghost (Vaults:2)
  An infernal demonspawn (Pan)
  2 bog bodies (Lair:4)
  A tengu zombie (Vaults:4)
  4 orc knights
  2 oklob plants (Lair:3)
  6 ugly things
  A cyclops (D:13)
  An orc sorcerer (Vaults:2)
  A cyclops (shapeshifter) (D:14)
  A fire giant skeleton (Vaults:4)
  A frost giant skeleton (Vaults:2)
  A vault sentinel (Vaults:1)
  2 elephants (Lair:4)
  A cane toad (Lair:4)
  2 smoke demons (Pan)
  A rime drake (Lair:1)
  15 yaktaurs
  2 komodo dragons
  2 kobold demonologists (D:13)
  5 ice devils (IceCv)
  A harpy zombie (Coc:7)
  A jumping spider (Spider:3)
  2 tyrant leeches (Swamp:2)
  A hornet (Spider:3)
  13 blink frogs
  6 slime creatures
  An ice dragon zombie (Dis:7)
  3 redbacks (Spider:1)
  A flying skull (Coc:7)
  A ynoxinul (Pan)
  16 yaks
  A basilisk (Lair:3)
  A human (shapeshifter) (D:14)
  2 wraiths (Lair:4)
  A fire elemental (Geh:7)
  A chaos spawn (Pan)
  2 wargs
  A soldier ant (D:13)
  An acid dragon (Vaults:1)
  3 water moccasins
  16 orc warriors
  7 ogres
  A phantom (D:13)
  4 wolves
  A swamp dragon skeleton (Coc:7)
  2 bullfrogs
  A howler monkey (D:13)
  5 orc priests
  5 orc wizards
  5 hell rats (Lair:6)
  5 white imps
  4 ufetubi
  17 orcs
  5 kobolds (D:13)
215 creatures vanquished.

Vanquished Creatures (others)
  A pandemonium lord (Pan)
  A Tzitzimitl (Pan)
  A balrug (Pan)
  A warmonger (Pan)
  A reaper (IceCv)
  A red draconian (Abyss:4)
  A green death (Pan)
  A monstrous demonspawn (Pan)
  A hell hog (Geh:3)
  A dancing weapon (Elf:1)
  A tengu warrior (Depths:3)
  A sun demon (Pan)
  2 soul eaters (Pan)
  A sixfirhy (Pan)
  A quicksilver dragon simulacrum (Hell)
  A wizard (Vaults:2)
  2 yaktaurs (Depths:4)
  A ghost moth simulacrum (Hell)
  A hydra skeleton (Geh:7)
  A spriggan (Depths:5)
  A flying skull (Geh:7)
  A shadow (Geh:7)
  An ice dragon skeleton (Hell)
  A ynoxinul (Pan)
  A fire elemental (Elf:1)
  A water elemental (Depths:3)
  2 wraiths
  A hydra simulacrum (Hell)
  A wight (Geh:3)
  6 white imps
  An ufetubus (IceCv)
  2 ball lightnings (Pan)
  A block of ice (Pan)
  A fire vortex (Pan)
  12 foxfires
  56 fungi
  2 lurking horrors (Abyss:4)
  148 plants
  31 starspawn tentacles (Abyss:4)
  6 tentacles
  54 withered plants
352 creatures vanquished.

Grand Total: 7204 creatures vanquished

Notes
Turn   | Place    | Note
-------+----------+-------------------------------------------
     0 | D:1      | MercyWheel the Gargoyle Earth Elementalist began the quest
                  | for the Orb.
     0 | D:1      | Reached XP level 1. HP: 10/10 MP: 3/3
   128 | D:1      | Reached XP level 2. HP: 15/15 MP: 5/5
   493 | D:2      | Reached XP level 3. HP: 18/19 MP: 6/6
   547 | D:2      | Reached skill level 5 in Earth Magic
   799 | D:2      | Reached skill level 1 in Conjurations
   848 | D:3      | Noticed Terence
   977 | D:2      | Learned a level 3 spell: Stone Arrow
   997 | D:2      | Found a glowing golden altar of the Shining One.
  1326 | D:3      | Reached XP level 4. HP: 24/24 MP: 7/7
  1523 | D:3      | Killed Terence
  1890 | D:3      | Reached skill level 1 in Fighting
  1919 | D:3      | Reached XP level 5. HP: 29/29 MP: 8/8
  1966 | D:4      | Found a sacrificial altar of Ru.
  2075 | D:3      | Reached XP level 6. HP: 33/37 MP: 0/9
  2674 | D:3      | Reached XP level 7. HP: 11/41 MP: 7/10
  3407 | D:4      | Noticed Edmund
  3797 | D:4      | Found a bloodstained altar of Trog.
  3798 | D:4      | Found an iron altar of Okawaru.
  3798 | D:4      | Found a hazy altar of Hepliaklqana.
  3921 | D:4      | Found a white marble altar of Elyvilon.
  3941 | D:4      | Reached XP level 8. HP: 43/48 MP: 11/11
  3985 | D:4      | Found a staircase to the Ecumenical Temple.
  3993 | Temple   | Entered the Ecumenical Temple
  4200 | Temple   | Became a worshipper of Sif Muna the Loreminder
  4260 | D:4      | Found an ancient bone altar of Kikubaaqudgha.
  4495 | D:4      | Found a snail-covered altar of Cheibriados.
  4760 | D:5      | Entered Level 5 of the Dungeon
  4934 | D:5      | Found Kurhir's Distillery.
  4962 | D:5      | Reached skill level 5 in Armour
  5108 | D:5      | Noticed Sigmund
  5118 | D:5      | Killed Sigmund
  5513 | D:5      | Found a sparkling altar of Nemelex Xobeh.
  5849 | D:6      | Reached skill level 10 in Earth Magic
  5953 | D:4      | Killed Edmund
  6151 | D:6      | Reached XP level 9. HP: 52/52 MP: 9/14
  6153 | D:6      | Reached * piety under Sif Muna
  6603 | D:6      | Noticed Prince Ribbit
  6621 | D:6      | Killed Prince Ribbit
  6913 | D:6      | Reached skill level 1 in Shields
  7523 | D:7      | Reached skill level 5 in Conjurations
  7766 | D:7      | Reached ** piety under Sif Muna
  8741 | D:8      | Reached XP level 10. HP: 58/58 MP: 12/16
  8777 | D:8      | Found a glowing silver altar of Zin.
  8858 | D:8      | Reached skill level 5 in Fighting
  9634 | D:9      | Reached skill level 1 in Invocations
  9804 | D:9      | Reached *** piety under Sif Muna
  9978 | D:9      | Found Nuvyc's Assorted Antiques.
 10281 | D:9      | Reached skill level 5 in Invocations
 11143 | D:10     | Entered Level 10 of the Dungeon
 11148 | D:10     | Found a transporter.
 11148 | D:10     | Found a transporter.
 11180 | D:10     | Found a one-way gate to the infinite horrors of the Abyss.
 11180 | D:10     | Noticed Geeful's ghost (journeyman OpDe)
 11180 | D:10     | Noticed a worldbinder
 11241 | D:10     | Reached XP level 11. HP: 64/64 MP: 17/17
 11322 | D:10     | Noticed an oklob plant
 11413 | D:10     | Noticed a two-headed ogre
 11486 | D:10     | Found Curoli Novi's Hydra Hut.
 11491 | D:10     | Noticed a four-headed hydra
 11579 | D:10     | Killed a two-headed ogre
 11580 | D:10     | Got a dazzling scale mail
 11608 | D:10     | Found a shimmering blue altar of Sif Muna.
 11616 | D:10     | Found Yxenak's Book Shop.
 11801 | D:10     | Found a staircase to the Lair.
 11817 | D:10     | Identified the +4 glaive of Floods {distort, rElec rC+ rN+
                  | SInv}
 11818 | D:10     | Noticed a hell hog
 12577 | D:11     | Noticed a manticore
 12588 | D:11     | Killed a manticore
 12722 | D:11     | Reached skill level 10 in Conjurations
 12911 | D:10     | Identified the +2 scale mail of Inquiry {rF+++ rCorr Str+2
                  | Int-2} (You found it on level 10 of the Dungeon)
 12916 | D:10     | Learned a level 4 spell: Summon Lightning Spire
 12957 | D:10     | Killed an oklob plant
 12958 | D:10     | Reached skill level 1 in Summonings
 12958 | D:10     | Reached skill level 1 in Air Magic
 13570 | D:11     | Noticed a red ugly thing
 13576 | D:11     | Killed a red ugly thing
 13681 | D:11     | Reached **** piety under Sif Muna
 13750 | D:11     | Found a staircase to the Orcish Mines.
 13993 | D:11     | Reached XP level 12. HP: 69/70 MP: 11/18
 14803 | D:12     | Reached skill level 5 in Summonings
 15829 | D:12     | Reached skill level 5 in Air Magic
 16498 | D:12     | Noticed a boulder beetle
 16523 | D:12     | Killed a boulder beetle
 16851 | D:13     | Noticed Rupert
 16852 | D:13     | Paralysed by Rupert for 2 turns
 16858 | D:13     | Paralysed by Rupert for 4 turns
 16869 | D:13     | Killed Rupert
 16905 | D:13     | Noticed a centaur warrior
 16919 | D:13     | Killed a centaur warrior
 16945 | D:13     | Noticed a centaur warrior
 16973 | D:12     | Reached ***** piety under Sif Muna
 17372 | D:13     | Noticed Maurice
 17392 | D:12     | Received a gift from Sif Muna
 17405 | D:12     | Learned a level 2 spell: Blink
 17426 | D:13     | Killed Maurice
 17430 | D:13     | Killed a centaur warrior
 17431 | D:13     | Reached skill level 1 in Translocations
 17523 | D:13     | Noticed a two-headed ogre
 17532 | D:13     | Killed a two-headed ogre
 17621 | D:13     | Reached XP level 13. HP: 55/74 MP: 6/19
 17813 | D:13     | Learned a level 5 spell: Lee's Rapid Deconstruction
 18555 | Orc:1    | Entered Level 1 of the Orcish Mines
 18560 | Orc:1    | Found Ryej Guazixo's Mayhem Merchandise.
 18648 | Orc:1    | Noticed Snorg
 18663 | Orc:1    | HP: 2/74 [Snorg (16)]
 18993 | D:11     | Learned a level 3 spell: Mephitic Cloud
 19007 | Orc:1    | Killed Snorg
 19198 | Orc:1    | Noticed Urug
 19245 | Orc:1    | Killed Urug
 19716 | Orc:1    | Found a roughly hewn altar of Beogh.
 20009 | Orc:2    | Entered Level 2 of the Orcish Mines
 20009 | Orc:2    | Noticed an orc warlord
 20033 | Orc:1    | Killed an orc warlord
 20034 | Orc:1    | Reached skill level 5 in Spellcasting
 20575 | Orc:2    | Noticed Erolcha
 20744 | Orc:2    | Paralysed by Erolcha for 3 turns
 20751 | Orc:2    | Killed Erolcha
 21520 | Orc:2    | Found a staircase to the Elven Halls.
 21608 | Orc:2    | Paralysed by an orc sorcerer for 4 turns
 22133 | Orc:2    | Noticed an orc warlord
 22925 | Orc:1    | Gained mutation: Your body sometimes deteriorates upon
                  | taking damage. [a neqoxec]
 24095 | Orc:2    | Found a roughly hewn altar of Beogh.
 24104 | Orc:2    | Received a gift from Sif Muna
 24447 | Orc:2    | Found Zekkon's Book Boutique.
 24455 | Orc:2    | Found Buab's General Store.
 24458 | Orc:2    | Found Qunorual's Antique Armour Boutique.
 24489 | Orc:2    | Bought a book of Power for 630 gold pieces
 24496 | Orc:2    | Learned a level 5 spell: Iskenderun's Battlesphere
 24498 | Orc:2    | Learned a level 1 spell: Magic Dart
 24654 | Orc:2    | Found Apoon's Antique Weapon Boutique.
 25441 | D:14     | Found Pietz's Assorted Antiques.
 25769 | Lair:1   | Entered Level 1 of the Lair of Beasts
 26026 | Lair:1   | Found a frozen archway.
 26035 | IceCv    | Entered an ice cave
 26130 | IceCv    | Killed a reaper
 27009 | IceCv    | Gained mutation: Your large and strong wings let you fly
                  | indefinitely. [Gargoyle growth]
 27009 | IceCv    | Reached XP level 14. HP: 28/80 MP: 2/23
 27486 | IceCv    | Got a steaming platinum ring
 27488 | IceCv    | Identified the ring of Ukae {rElec MP+9 Int+2} (You found
                  | it in an ice cave)
 27758 | IceCv    | Found the +3 pair of gauntlets of War {Slay+5}
 29134 | Lair:2   | Noticed Erica
 29144 | Lair:2   | Killed Erica
 29981 | Lair:3   | Learned a level 6 spell: Iron Shot
 30449 | Lair:2   | Lost mutation: Your body sometimes deteriorates upon taking
                  | damage. [potion of mutation]
 30449 | Lair:2   | Gained mutation: Your muscles are strong. (Str +2) [potion
                  | of mutation]
 30449 | Lair:2   | Gained mutation: You are clumsy. (Dex -2) [potion of
                  | mutation]
 30449 | Lair:2   | Gained mutation: You have sharp fingernails. [potion of
                  | mutation]
 30450 | Lair:2   | Lost mutation: Your muscles are strong. (Str +2) [potion of
                  | mutation]
 30450 | Lair:2   | Lost mutation: You are clumsy. (Dex -2) [potion of
                  | mutation]
 30450 | Lair:2   | Lost mutation: You have sharp fingernails. [potion of
                  | mutation]
 30450 | Lair:2   | Gained mutation: Scrolls take you a little longer to read.
                  | [potion of mutation]
 30450 | Lair:2   | Gained mutation: You possess an exceptional clarity of
                  | mind. [potion of mutation]
 30450 | Lair:2   | Gained mutation: You are partially covered in rugged brown
                  | scales. (AC +1, +3% HP) [potion of mutation]
 30451 | Lair:2   | Lost mutation: Scrolls take you a little longer to read.
                  | [potion of mutation]
 30451 | Lair:2   | Lost mutation: You are partially covered in rugged brown
                  | scales. (AC +1, +3% HP) [potion of mutation]
 30451 | Lair:2   | Lost mutation: You possess an exceptional clarity of mind.
                  | [potion of mutation]
 30451 | Lair:2   | Gained mutation: You are partially covered in rugged brown
                  | scales. (AC +1, +3% HP) [potion of mutation]
 30451 | Lair:2   | Gained mutation: Your spells are a little easier to cast,
                  | but a little less powerful. [potion of mutation]
 30451 | Lair:2   | Gained mutation: Your flesh is heat resistant. (rF+)
                  | [potion of mutation]
 30452 | Lair:2   | Lost mutation: Your flesh is heat resistant. (rF+) [potion
                  | of mutation]
 30452 | Lair:2   | Gained mutation: You are partially covered in slimy green
                  | scales. (AC +2) [potion of mutation]
 30452 | Lair:2   | Gained mutation: You have a pair of small antennae on your
                  | head. [potion of mutation]
 30452 | Lair:2   | Gained mutation: Your mind is acute. (Int +2) [potion of
                  | mutation]
 30453 | Lair:2   | Lost mutation: You have a pair of small antennae on your
                  | head. [potion of mutation]
 30453 | Lair:2   | Lost mutation: Your mind is acute. (Int +2) [potion of
                  | mutation]
 30453 | Lair:2   | Lost mutation: Your spells are a little easier to cast, but
                  | a little less powerful. [potion of mutation]
 30453 | Lair:2   | Gained mutation: You are partially covered in iridescent
                  | scales. (AC +2) [potion of mutation]
 30453 | Lair:2   | Gained mutation: You expend magic power (3 MP) to
                  | strengthen your wands. [potion of mutation]
 31609 | Lair:3   | Identified Sif Muna's Papyrus of Calling (Sif Muna gifted
                  | it to you on level 3 of the Lair of Beasts)
 31609 | Lair:3   | Received a gift from Sif Muna
 32288 | Lair:4   | Found a hole to the Spider Nest.
 32530 | Lair:4   | Found a staircase to the Swamp.
 33880 | Lair:4   | Noticed Josephine
 33881 | Lair:4   | Reached skill level 15 in Earth Magic
 34067 | Lair:4   | Killed Josephine
 34658 | Lair:4   | Got a bloodstained ring mail
 34659 | Lair:4   | Identified the +2 ring mail of Polytheism {rN+} (You found
                  | it on level 4 of the Lair of Beasts)
 35617 | Lair:5   | You fall into a shaft and drop 1 floor!
 35617 | Lair:6   | Entered Level 6 of the Lair of Beasts
 36350 | Lair:6   | Reached XP level 15. HP: 72/86 MP: 12/27
 36381 | Lair:6   | Identified Sif Muna's Tome of Conjuration (Sif Muna gifted
                  | it to you on level 6 of the Lair of Beasts)
 36381 | Lair:6   | Received a gift from Sif Muna
 36549 | Lair:6   | Reached XP level 16. HP: 90/90 MP: 28/28
 37006 | Lair:6   | Found a staircase to the Slime Pits.
 37006 | Lair:6   | Found a viscous altar of Jiyva.
 37136 | Lair:6   | Reached skill level 15 in Conjurations
 37798 | Lair:6   | Learned a level 7 spell: Orb of Destruction
 39353 | Swamp:1  | Entered Level 1 of the Swamp
 39481 | Swamp:1  | Received a gift from Sif Muna
 39854 | Lair:4   | Identified a scroll of acquirement
 39854 | Lair:4   | Acquired a +6 ring of intelligence
 41338 | Swamp:1  | Reached skill level 10 in Spellcasting
 41453 | Swamp:2  | Identified the +1 lajatang of Nicomian {distort, rPois rF+
                  | rC+}
 41470 | Swamp:2  | Noticed Iffuusoj's ghost (adept MiBe)
 42166 | Swamp:2  | Noticed a Hell Sentinel
 42191 | Swamp:2  | Found a transporter.
 42236 | Swamp:2  | Found a transporter.
 42856 | Swamp:3  | Identified Sif Muna's Tome of the Arsonist and
                  | Transformation (Sif Muna gifted it to you on level 3 of the
                  | Swamp)
 42856 | Swamp:3  | Received a gift from Sif Muna
 42956 | Swamp:3  | Noticed Donald
 42967 | Swamp:3  | Killed Donald
 43223 | Swamp:3  | Found a runed translucent gate.
 43223 | Swamp:3  | Found a runed translucent gate.
 43223 | Swamp:3  | Found a runed translucent gate.
 43224 | Swamp:3  | Noticed Feizai's ghost (journeyman GrFi)
 43272 | Swamp:3  | Reached skill level 5 in Shields
 43272 | Swamp:3  | Reached XP level 17. HP: 82/95 MP: 11/31
 43651 | Swamp:3  | Noticed Kirke
 43680 | Swamp:2  | Learned a level 2 spell: Swiftness
 43746 | Swamp:3  | Killed Kirke
 44512 | Swamp:4  | Entered Level 4 of the Swamp
 45829 | Swamp:4  | Reached skill level 10 in Shields
 47093 | Swamp:4  | Got a decaying rune of Zot
 47403 | Spider:1 | Entered Level 1 of the Spider Nest
 48060 | Spider:1 | Identified Cupott's Disquisition on the Hurtful Escort (Sif
                  | Muna gifted it to you on level 1 of the Spider Nest)
 48060 | Spider:1 | Received a gift from Sif Muna
 50198 | Spider:2 | Reached XP level 18. HP: 100/100 MP: 28/32
 50849 | Spider:2 | Identified Sif Muna's Catalogue of Destructive
                  | Translocation (Sif Muna gifted it to you on level 2 of the
                  | Spider Nest)
 50849 | Spider:2 | Received a gift from Sif Muna
 52974 | Spider:4 | Entered Level 4 of the Spider Nest
 52978 | Spider:4 | Reached skill level 15 in Shields
 53793 | Spider:3 | Identified Sif Muna's Tome of Curses and the Birds (Sif
                  | Muna gifted it to you on level 3 of the Spider Nest)
 53793 | Spider:3 | Received a gift from Sif Muna
 54032 | Orc:1    | Bought a book of the Tempests for 1050 gold pieces
 55978 | D:14     | Bought a scroll of enchant armour for 232 gold pieces
 55981 | D:14     | Bought a scroll labelled SYNENU EVIEC for 31 gold pieces
 56041 | D:14     | Found a gate to the Vaults.
 56173 | D:14     | Found a runed translucent gate.
 56173 | D:14     | Found a runed translucent gate.
 56174 | D:14     | Found a runed translucent gate.
 56175 | D:14     | Noticed DunwichHorror's ghost (journeyman GnFi)
 56175 | D:14     | Noticed Axipewex's ghost (journeyman OgTm)
 56487 | D:15     | Entered Level 15 of the Dungeon
 56570 | D:15     | Identified the +8 great sword "Qylikkodgh" {freeze, rElec}
                  | (You found it on level 15 of the Dungeon)
 56623 | D:15     | Found a portal to a secret trove of treasure.
 56954 | D:15     | Found a staircase to the Depths.
 57239 | D:15     | Found a hazy altar of Hepliaklqana.
 57629 | Vaults:1 | Entered Level 1 of the Vaults
 57748 | Vaults:1 | Identified Sif Muna's Reference Book on Creative Attacks
                  | (Sif Muna gifted it to you on level 1 of the Vaults)
 57748 | Vaults:1 | Received a gift from Sif Muna
 57870 | Vaults:1 | Learned a level 9 spell: Shatter
 59318 | Vaults:1 | Identified the +6 hunting sling of Drought {flame, Will+
                  | Str+4 Int-3 Stlth+}
 59324 | Vaults:1 | Reached XP level 19. HP: 106/106 MP: 23/33
 59903 | Vaults:1 | Paralysed by a great orb of eyes for 5 turns
 60039 | Vaults:1 | Identified Sif Muna's Disquisition on the Rocks and Shape
                  | Shifting (Sif Muna gifted it to you on level 1 of the
                  | Vaults)
 60039 | Vaults:1 | Received a gift from Sif Muna
 62433 | Vaults:2 | Received a gift from Sif Muna
 62803 | Vaults:2 | Found Hitosin's Armour Boutique.
 64852 | Vaults:2 | Noticed Bai Suzhen
 65435 | Vaults:2 | Killed Bai Suzhen
 66039 | Vaults:3 | Identified Sif Muna's Disquisition on Unstable Earth (Sif
                  | Muna gifted it to you on level 3 of the Vaults)
 66039 | Vaults:3 | Received a gift from Sif Muna
 66538 | Vaults:3 | Found a staircase to the Crypt.
 66634 | Vaults:3 | Reached XP level 20. HP: 79/111 MP: 34/34
 69102 | Vaults:3 | Identified Sif Muna's Catalogue of Displacement (Sif Muna
                  | gifted it to you on level 3 of the Vaults)
 69102 | Vaults:3 | Received a gift from Sif Muna
 69770 | Vaults:3 | Noticed a lich
 69774 | Vaults:3 | Killed a lich
 72683 | Vaults:4 | Received a gift from Sif Muna
 73215 | Vaults:4 | Reached XP level 21. HP: 110/115 MP: 20/35
 73852 | Vaults:4 | Identified the +8 scale mail "Heutive" {+Fly rF- Int+3}
 75782 | Elf:1    | Entered Level 1 of the Elven Halls
 75808 | Elf:1    | Found Ukuitogg's Weapon Shop.
 76467 | Elf:1    | Identified Sif Muna's Compendium of the Frostbite and Hexes
                  | (Sif Muna gifted it to you on level 1 of the Elven Halls)
 76467 | Elf:1    | Received a gift from Sif Muna
 76628 | Orc:2    | Learned a level 5 spell: Borgnjor's Vile Clutch
 76726 | Elf:1    | Identified the +0 robe "Erroorho" {Rampage Int+6}
 77569 | Elf:1    | Found a roughly hewn altar of Beogh.
 78133 | Elf:1    | Found a sparkling altar of Nemelex Xobeh.
 78723 | Elf:2    | Reached skill level 27 in Earth Magic
 79318 | Elf:2    | Identified Sif Muna's Volume of Supportive Feathers (Sif
                  | Muna gifted it to you on level 2 of the Elven Halls)
 79318 | Elf:2    | Received a gift from Sif Muna
 79703 | Elf:2    | Found a runed translucent gate.
 79703 | Elf:2    | Found a runed translucent gate.
 79704 | Elf:2    | Found a runed translucent gate.
 80647 | Elf:2    | Reached skill level 10 in Invocations
 81063 | Elf:2    | Reached XP level 22. HP: 102/120 MP: 14/36
 81359 | Elf:3    | Entered Level 3 of the Elven Halls
 82225 | Elf:3    | Identified the +7 quarterstaff "Pycazuub" {venom, rF+}
 82334 | Elf:3    | Reached skill level 10 in Armour
 82334 | Elf:3    | Received a gift from Sif Muna
 82745 | Elf:3    | Identified the +5 hand axe "Eqek" {venom, rElec Str+3}
 83392 | Elf:3    | Identified the Grimoire of Poisoning and Dark Magic
 83445 | Elf:3    | Identified the +9 arbalest "Ipaurph" {vorpal, rElec rF+
                  | MP+9 Int-4} (You found it on level 3 of the Elven Halls)
 83450 | Elf:3    | Identified the +11 fustibalus "Umuxi" {flame, +Inv rF+
                  | Dex+3} (You found it on level 3 of the Elven Halls)
 83548 | Elf:3    | Got a pair of smoking boots
 83554 | Elf:3    | Identified the +2 pair of boots of Lies {-Tele rN+ MP+9
                  | Dex+4} (You found it on level 3 of the Elven Halls)
 83660 | Elf:3    | Found Suonump's General Store.
 83668 | Elf:3    | Bought a scroll of teleportation for 45 gold pieces
 83668 | Elf:3    | Bought a potion of mutation for 120 gold pieces
 83668 | Elf:3    | Bought a potion of curing for 45 gold pieces
 83668 | Elf:3    | Bought a potion of curing for 45 gold pieces
 83822 | Elf:3    | Found a runed translucent gate.
 83822 | Elf:3    | Found a runed translucent gate.
 83823 | Elf:3    | Found a runed translucent gate.
 84109 | Elf:3    | Found a runed translucent gate.
 84109 | Elf:3    | Found a runed translucent gate.
 84109 | Elf:3    | Found a runed translucent gate.
 84124 | Elf:3    | Noticed Kave's ghost (adept TrTm)
 84561 | Elf:3    | Killed Kave's ghost
 84725 | Elf:3    | Learned a level 1 spell: Apportation
 84736 | Elf:3    | Identified the +0 hat of Oquem {-Cast rN+ Str-2 Int+8} (You
                  | found it on level 3 of the Elven Halls)
 85392 | Spider:4 | Received a gift from Sif Muna
 85393 | Spider:4 | Reached skill level 10 in Fighting
 85946 | Spider:4 | Reached XP level 23. HP: 135/135 MP: 13/37
 86870 | Spider:4 | Identified Sif Muna's Grimoire of Warped Lightness (Sif
                  | Muna gifted it to you on level 4 of the Spider Nest)
 86870 | Spider:4 | Received a gift from Sif Muna
 88205 | Spider:4 | Got a gossamer rune of Zot
 88909 | Vaults:5 | Entered Level 5 of the Vaults
 89061 | Vaults:5 | Identified Sif Muna's Handbook of Captivating Moulding (Sif
                  | Muna gifted it to you on level 5 of the Vaults)
 89061 | Vaults:5 | Received a gift from Sif Muna
 89139 | Vaults:5 | Reached ****** piety under Sif Muna
 89416 | Vaults:5 | Identified the +9 battleaxe of a ziggurat {drain, Will+
                  | Str+3 Int+2}
 89418 | Vaults:5 | Noticed a golden dragon
 89426 | Vaults:5 | Reached XP level 24. HP: 125/151 MP: 8/39
 89644 | Vaults:5 | Received a gift from Sif Muna
 91339 | Vaults:5 | Identified the +11 hand crossbow of the Unspeakable One
                  | {vorpal, +Fly rC+ Str+7 Int-2}
 91493 | Vaults:5 | Received a gift from Sif Muna
 92227 | Vaults:5 | Reached skill level 15 in Fighting
 92372 | Vaults:5 | Noticed an ancient lich
 92376 | Vaults:5 | Killed an ancient lich
 92904 | Vaults:5 | Identified the +1 pair of boots of Qiothraw {-Cast rPois
                  | Dex+6} (You found it on level 5 of the Vaults)
 93023 | Vaults:5 | Identified the cursed +1 scale mail of the Stone Wall
                  | {Dex+3} (You found it on level 5 of the Vaults)
 93331 | Vaults:5 | Got a silver rune of Zot
 93729 | D:14     | Killed Axipewex's ghost
 93742 | D:14     | Killed DunwichHorror's ghost
 93977 | Depths:1 | Entered Level 1 of the Depths
 94889 | Depths:1 | Found a gateway to Hell.
 94961 | Depths:1 | Found Ydaynupe's Blood Bar.
 95058 | Depths:1 | Reached skill level 5 in Dodging
 95168 | Depths:1 | Found a one-way gate leading to the halls of Pandemonium.
 95192 | Depths:1 | Found a runed translucent door.
 95192 | Depths:1 | Noticed lmSkywalker's ghost (adept DrTm)
 95467 | D:15     | Killed lmSkywalker's ghost
 96533 | Depths:2 | Found a gateway to a ziggurat.
 96698 | Depths:2 | Reached XP level 25. HP: 157/159 MP: 41/41
 96797 | Depths:2 | Identified Sif Muna's Compendium of Creative Transformation
                  | (Sif Muna gifted it to you on level 2 of the Depths)
 96797 | Depths:2 | Received a gift from Sif Muna
 98008 | Depths:2 | Identified the +5 double sword of Generosity {holy, rElec}
                  | (You found it on level 2 of the Depths)
 98023 | Depths:2 | Found Abbasu's Gadget Boutique.
 98830 | Depths:2 | Identified Feihif's Almanac of Enthralling Snow (Sif Muna
                  | gifted it to you on level 2 of the Depths)
 98830 | Depths:2 | Received a gift from Sif Muna
 99150 | Depths:1 | Identified the +7 quarterstaff "Killer Klown's Doom"
                  | {venom, +Inv rElec rPois rC-} (You found it on level 1 of
                  | the Depths)
100189 | Depths:3 | Identified Sif Muna's Grimoire of the Earthen Escort (Sif
                  | Muna gifted it to you on level 3 of the Depths)
100189 | Depths:3 | Received a gift from Sif Muna
102026 | Depths:4 | Reached skill level 15 in Spellcasting
102795 | Depths:4 | Reached XP level 26. HP: 118/165 MP: 6/42
102983 | Depths:4 | Found a snail-covered altar of Cheibriados.
103078 | Depths:4 | Found Ziucy's Magic Scroll Emporium.
103081 | Depths:4 | Found Qidahaix's General Store.
103083 | Depths:4 | Found Ybowatu's Jewellery Emporium.
103087 | Depths:4 | Bought a scroll of blinking for 105 gold pieces
103087 | Depths:4 | Bought a scroll of enchant armour for 105 gold pieces
103087 | Depths:4 | Bought a scroll of teleportation for 42 gold pieces
103094 | Depths:4 | Noticed Mara
103099 | Depths:4 | Noticed MercyWheel's illusion
103100 | Depths:4 | Killed Mara
103106 | Depths:4 | Identified Sif Muna's Catalogue of Darkness and the
                  | Mountains (Sif Muna gifted it to you on level 4 of the
                  | Depths)
103106 | Depths:4 | Received a gift from Sif Muna
105209 | Depths:4 | Bought a scroll of magic mapping for 45 gold pieces
105209 | Depths:4 | Bought a potion of curing for 39 gold pieces
105234 | Depths:5 | Entered Level 5 of the Depths
105234 | Depths:5 | Noticed the Enchantress
105236 | Depths:5 | Killed the Enchantress
105237 | Depths:5 | Reached skill level 15 in Armour
106372 | Depths:5 | Identified Fasasun's Tome of Sinister Confrontation (Sif
                  | Muna gifted it to you on level 5 of the Depths)
106372 | Depths:5 | Received a gift from Sif Muna
107111 | Depths:5 | Noticed Louise
107266 | Depths:5 | Killed Louise
107734 | Depths:5 | Reached XP level 27. HP: 165/170 MP: 28/44
108048 | Depths:5 | Found a gate to the Realm of Zot.
108321 | Depths:5 | Found Yddatok's Serpentskin Sales.
108480 | Depths:5 | Reached skill level 5 in Translocations
108905 | Zot:1    | Entered Level 1 of the Realm of Zot
109576 | Zot:1    | Identified Sif Muna's Incunabulum of Frigorific Black Arts
                  | (Sif Muna gifted it to you on level 1 of the Realm of Zot)
109576 | Zot:1    | Received a gift from Sif Muna
110111 | Depths:5 | Learned a level 4 spell: Passage of Golubria
110120 | Depths:5 | Learned a level 8 spell: Lehudib's Crystal Spear
110814 | Zot:1    | Noticed an orb of fire
110930 | Zot:1    | Killed an orb of fire
111632 | Zot:1    | Identified the +3 short sword of Broken Luck {vorpal,
                  | Int+3} (You found it on level 1 of the Realm of Zot)
112915 | D:15     | You paid a toll of 8 scrolls of blinking to enter a
                  | treasure trove
112916 | Trove    | Entered a treasure trove
112954 | Trove    | Identified the cursed +1 scale mail "Veucuho" {rF+ Regen+
                  | Str+4 Int+3} (You found it in a treasure trove)
112956 | Trove    | Identified the +2 hat "Heaskavo" {Regen+ MP+9 Str+7} (You
                  | found it in a treasure trove)
112971 | Trove    | Identified the +1 plate armour of Instinct {*Contam rF+
                  | Will++ rCorr} (You found it in a treasure trove)
114633 | Slime:1  | Entered Level 1 of the Pits of Slime
114641 | Slime:1  | Reached skill level 1 in Maces & Flails
115323 | Slime:2  | Reached skill level 5 in Maces & Flails
115351 | Slime:2  | Gained mutation: Scrolls take you a little longer to read.
                  | [a shining eye]
117258 | Slime:4  | Found a viscous altar of Jiyva.
117628 | Slime:3  | Gained mutation: Scrolls take you longer to read. [a
                  | shining eye]
117962 | Slime:5  | Entered Level 5 of the Pits of Slime
118096 | Slime:5  | Reached skill level 10 in Maces & Flails
118413 | Slime:5  | Noticed the Royal Jelly
118426 | Slime:5  | Killed the Royal Jelly
119285 | Slime:5  | Identified the +2 pair of gloves of Xoru {-Tele rPois rN+}
                  | (You found it on level 5 of the Pits of Slime)
119286 | Slime:5  | Got a slimy rune of Zot
119330 | Slime:5  | Identified the +9 great sword of the Desert {holy, *Corrode
                  | rF- Int+4 Stlth+} (You found it on level 5 of the Pits of
                  | Slime)
122524 | Zot:3    | Noticed an orb of fire
122718 | Zot:3    | Noticed an orb of fire
123180 | Zot:3    | Gained mutation: Armour fits poorly on your strangely
                  | shaped body. [an orb of fire]
123182 | Zot:3    | Killed an orb of fire
123362 | Zot:3    | Killed an orb of fire
123954 | Zot:3    | Noticed an orb of fire
123959 | Zot:3    | Killed an orb of fire
125094 | Zot:4    | Noticed an orb of fire
125101 | Zot:4    | Killed an orb of fire
125724 | Zot:4    | Reached skill level 15 in Maces & Flails
126048 | Zot:5    | Entered Level 5 of the Realm of Zot
127148 | Zot:5    | Noticed an ancient lich
127160 | Zot:5    | Killed an ancient lich
127233 | Zot:5    | Noticed an ancient lich
127238 | Zot:5    | Killed an ancient lich
127542 | Zot:5    | Noticed an ancient lich
127550 | Zot:5    | Killed an ancient lich
127711 | Zot:5    | Noticed an orb of fire
127712 | Zot:5    | Gained mutation: You are frail. (-10% HP) [an orb of fire]
127720 | Zot:5    | Killed an orb of fire
127850 | Zot:5    | Noticed an orb of fire
127871 | Zot:5    | Killed an orb of fire
128588 | Zot:5    | Noticed an orb of fire
128598 | Zot:5    | Gained mutation: You are strong-willed. (Will+) [an orb of
                  | fire]
128601 | Zot:5    | Killed an orb of fire
128867 | Zot:5    | Noticed an ancient lich
128871 | Zot:5    | Killed an ancient lich
128871 | Zot:5    | Noticed an orb of fire
128877 | Zot:5    | Killed an orb of fire
129154 | Zot:5    | Noticed an ancient lich
129156 | Zot:5    | Killed an ancient lich
129162 | Zot:5    | Noticed an orb of fire
129166 | Zot:5    | Killed an orb of fire
129405 | Zot:5    | Noticed an ancient lich
129414 | Zot:5    | Killed an ancient lich
130228 | Zot:5    | Noticed an ancient lich
130233 | Zot:5    | Killed an ancient lich
132232 | D:2      | Fell from the grace of Sif Muna
132232 | D:2      | Became a worshipper of the Shining One
132672 | Crypt:1  | Entered Level 1 of the Crypt
132773 | Crypt:1  | Noticed Saint Roka
132878 | Crypt:1  | Killed Saint Roka
133025 | Vaults:3 | Lost mutation: You are frail. (-10% HP) [mutagenic glow]
133163 | Crypt:1  | Reached * piety under the Shining One
133304 | Crypt:1  | Reached ** piety under the Shining One
133338 | Crypt:1  | Gained mutation: Your body sometimes deteriorates upon
                  | taking damage. [mutagenic glow]
133929 | Crypt:1  | Reached *** piety under the Shining One
134129 | Crypt:1  | Noticed Margery
134136 | Crypt:1  | Killed Margery
134185 | Crypt:1  | Reached **** piety under the Shining One
134538 | Crypt:1  | Reached ***** piety under the Shining One
135929 | Crypt:2  | Reached ****** piety under the Shining One
135996 | Crypt:2  | Identified a +9 sacred scourge of holy wrath (a +9 demon
                  | whip of freezing blessed by the Shining One)
135996 | Crypt:2  | Received a gift from the Shining One
136108 | Crypt:2  | Reached skill level 10 in Dodging
137050 | Crypt:3  | Entered Level 3 of the Crypt
137055 | Crypt:2  | Lost mutation: Your body sometimes deteriorates upon taking
                  | damage. [potion of mutation]
137055 | Crypt:2  | Lost mutation: You expend magic power (3 MP) to strengthen
                  | your wands. [potion of mutation]
137055 | Crypt:2  | Gained mutation: Your spells are a little harder to cast,
                  | but a little more powerful. [potion of mutation]
137055 | Crypt:2  | Lost mutation: You are partially covered in slimy green
                  | scales. (AC +2) [potion of mutation]
137055 | Crypt:2  | Gained mutation: You have very sharp teeth. [potion of
                  | mutation]
137056 | Crypt:2  | Lost mutation: Scrolls take you longer to read. [potion of
                  | mutation]
137056 | Crypt:2  | Lost mutation: Your spells are a little harder to cast, but
                  | a little more powerful. [potion of mutation]
137056 | Crypt:2  | Gained mutation: You are clumsy. (Dex -2) [potion of
                  | mutation]
137056 | Crypt:2  | Gained mutation: You are mostly covered in iridescent
                  | scales. (AC +4) [potion of mutation]
137923 | Crypt:3  | Identified the Volume of the Arsonist and Air
139076 | Crypt:3  | Found a basalt altar of Yredelemnul.
139219 | Crypt:3  | Found a staircase to the Tomb.
140048 | Tomb:1   | Entered Level 1 of the Tomb of the Ancients
140833 | Tomb:1   | Noticed a royal mummy
140859 | Tomb:1   | Noticed a royal mummy
140869 | Tomb:1   | Killed a royal mummy
141182 | Tomb:1   | Noticed a royal mummy
141184 | Tomb:1   | Killed a royal mummy
141258 | Tomb:1   | Killed a royal mummy
141283 | Tomb:1   | Noticed a royal mummy
141290 | Tomb:1   | Killed a royal mummy
141471 | Tomb:1   | Gained mutation: You are very clumsy. (Dex -4) [mutagenic
                  | glow]
142054 | Tomb:1   | Noticed a royal mummy
142066 | Tomb:1   | Killed a royal mummy
142183 | Tomb:1   | Noticed a royal mummy
142231 | Tomb:1   | Killed a royal mummy
142277 | Tomb:1   | Noticed a royal mummy
142288 | Tomb:1   | Killed a royal mummy
142504 | Tomb:1   | Noticed a royal mummy
142510 | Tomb:1   | Noticed a royal mummy
142512 | Tomb:1   | Killed a royal mummy
142514 | Tomb:1   | Noticed a royal mummy
142699 | Tomb:1   | Killed a royal mummy
142699 | Tomb:1   | Noticed a royal mummy
142700 | Tomb:1   | Killed a royal mummy
142767 | Tomb:1   | Noticed a royal mummy
142771 | Tomb:1   | Noticed a royal mummy
142773 | Tomb:1   | Noticed a royal mummy
142775 | Tomb:1   | Killed a royal mummy
142775 | Tomb:1   | Killed a royal mummy
142775 | Tomb:1   | Noticed a royal mummy
142781 | Crypt:3  | Killed a royal mummy
142782 | Crypt:3  | Reached skill level 15 in Dodging
142970 | Tomb:1   | Killed a royal mummy
142975 | Tomb:1   | Killed a royal mummy
143498 | Tomb:1   | Noticed a royal mummy
143504 | Tomb:1   | Killed a royal mummy
143643 | Tomb:1   | Noticed a royal mummy
143667 | Tomb:1   | Killed a royal mummy
144233 | Depths:2 | Was forgiven by Sif Muna
144276 | Hell     | Entered the Vestibule of Hell
144276 | Hell     | Noticed Geryon
144289 | Hell     | Killed Geryon
144526 | Hell     | Noticed Murray
144528 | Hell     | Killed Murray
144531 | Hell     | Gained mutation: Your spells are a little easier to cast,
                  | but a little less powerful. [mutagenic glow]
144667 | Depths:2 | Lost mutation: Armour fits poorly on your strangely shaped
                  | body. [potion of mutation]
144667 | Depths:2 | Lost mutation: You are strong-willed. (Will+) [potion of
                  | mutation]
144667 | Depths:2 | Lost mutation: Scrolls take you a little longer to read.
                  | [potion of mutation]
144667 | Depths:2 | Gained mutation: Your magical capacity is low. (-10% MP)
                  | [potion of mutation]
144667 | Depths:2 | Lost mutation: Your spells are a little easier to cast, but
                  | a little less powerful. [potion of mutation]
144667 | Depths:2 | Gained mutation: You tend to lose your temper in combat.
                  | [potion of mutation]
144667 | Depths:2 | Lost mutation: You are very clumsy. (Dex -4) [potion of
                  | mutation]
144668 | Depths:2 | Lost mutation: You are clumsy. (Dex -2) [potion of
                  | mutation]
144668 | Depths:2 | Lost mutation: You are mostly covered in iridescent scales.
                  | (AC +4) [potion of mutation]
144668 | Depths:2 | Gained mutation: You are partially covered in molten
                  | scales. (AC +2) [potion of mutation]
144668 | Depths:2 | Gained mutation: Your natural rate of healing is unusually
                  | fast. [potion of mutation]
144668 | Depths:2 | Gained mutation: You have large cloven feet. [potion of
                  | mutation]
144669 | Depths:2 | Lost mutation: You tend to lose your temper in combat.
                  | [potion of mutation]
144669 | Depths:2 | Lost mutation: Your magical capacity is low. (-10% MP)
                  | [potion of mutation]
144669 | Depths:2 | Lost mutation: You have large cloven feet. [potion of
                  | mutation]
144669 | Depths:2 | Lost mutation: You have very sharp teeth. [potion of
                  | mutation]
144669 | Depths:2 | Gained mutation: You are strong-willed. (Will+) [potion of
                  | mutation]
144669 | Depths:2 | Gained mutation: You are highly strong-willed. (Will++)
                  | [potion of mutation]
145300 | Hell     | Found a gateway to the Iron City of Dis.
145495 | Hell     | Found a gateway to the freezing wastes of Cocytus.
145588 | Hell     | Found a gateway to the ashen valley of Gehenna.
145678 | Hell     | Found a gateway to the decaying netherworld of Tartarus.
145745 | Geh:1    | Entered Level 1 of Gehenna
148737 | Geh:7    | Entered Level 7 of Gehenna
149681 | Geh:7    | Identified the +10 long sword of Exchange {vamp, rF+} (You
                  | found it on level 7 of Gehenna)
150342 | Geh:7    | Found the +7 sceptre of Asmodeus
150342 | Geh:7    | Noticed Asmodeus
150419 | Geh:7    | Killed Asmodeus
150599 | Geh:7    | Got an obsidian rune of Zot
150701 | Dis:1    | Entered Level 1 of the Iron City of Dis
151204 | Dis:2    | Reached skill level 27 in Fighting
153616 | Dis:7    | Entered Level 7 of the Iron City of Dis
153790 | Dis:7    | HP: 6/204 [iron giant/+0 giant club (49)]
156097 | Dis:7    | Identified the +0 robe of Cufeb {rCorr Str+2 Slay+2}
156120 | Dis:7    | Found the +4 staff of Dispater
156120 | Dis:7    | Noticed Dispater
156251 | Dis:7    | Gained mutation: You are frail. (-10% HP) [a cacodemon]
156735 | Dis:7    | Got an iron rune of Zot
156830 | Tar:1    | Entered Level 1 of Tartarus
158824 | Tar:7    | Entered Level 7 of Tartarus
158894 | Tar:7    | Noticed an ancient lich
158897 | Tar:7    | Killed an ancient lich
159026 | Tar:7    | Identified the Collected Works on Transmigration and
                  | Beguiling
159271 | Tar:7    | Noticed Ereshkigal
159285 | Tar:7    | Killed Ereshkigal
159446 | Tar:7    | Noticed an ancient lich
159456 | Tar:7    | Killed an ancient lich
159544 | Tar:7    | Identified Tyacymas's Disquisition on Shape Shifting
159547 | Tar:7    | Identified the +4 scale mail "Adas Ubb" {Harm Str+3 Int+6}
                  | (You found it on level 7 of Tartarus)
159552 | Tar:7    | Identified the +6 war axe of Pueny {pain, rPois Int+3
                  | Dex+2} (You found it on level 7 of Tartarus)
159600 | Tar:7    | Identified the +6 whip "Vonul" {flame, Will+} (You found it
                  | on level 7 of Tartarus)
159866 | Tar:7    | Identified the +11 hand axe "Byzufip" {vorpal, rF+ Will-
                  | Str+3 Int+3} (You found it on level 7 of Tartarus)
160425 | Tar:7    | Got a bone rune of Zot
160547 | Coc:1    | Entered Level 1 of Cocytus
162064 | Coc:7    | Entered Level 7 of Cocytus
162588 | Coc:7    | Identified the +6 dagger of Yredelemnul's Fury {venom,
                  | rElec rC+ Stlth-}
162833 | Coc:7    | Identified the ring of the Worm {rN+ Int+4 SInv}
162833 | Coc:7    | Noticed Antaeus
162880 | Coc:7    | Killed Antaeus
163139 | Depths:4 | Voluntarily entered the Abyss.
163149 | Abyss:1  | Found a corrupted altar of Lugonu.
163474 | Abyss:3  | Gained mutation: You have a pair of small horns on your
                  | head. [a shining eye]
163582 | Abyss:4  | Found a basalt altar of Yredelemnul.
164679 | Abyss:4  | Identified the +2 tower shield of Zugh {Harm}
164972 | Abyss:4  | Gained mutation: You occasionally shout uncontrollably at
                  | your foes. [a neqoxec]
165409 | Abyss:4  | Found a corrupted altar of Lugonu.
165642 | Abyss:4  | Noticed an ancient lich
165644 | Abyss:4  | Killed an ancient lich
165645 | Abyss:4  | Reached skill level 27 in Shields
165691 | Abyss:4  | Noticed an ancient lich
165707 | Abyss:4  | Killed an ancient lich
166237 | Abyss:4  | Paralysed by accursed screaming for 1 turns
166300 | Abyss:4  | Got an abyssal rune of Zot
166334 | Depths:4 | Escaped the Abyss
166828 | Coc:7    | Got an icy rune of Zot
166968 | Pan      | Entered Pandemonium
167089 | Pan      | Noticed Fytt the pandemonium lord
167101 | Pan      | Killed Fytt the pandemonium lord
168389 | Pan      | Noticed Zurghaom the pandemonium lord
168402 | Pan      | Killed Zurghaom the pandemonium lord
168502 | Pan      | Got a demonic rune of Zot
168533 | Pan      | Found an exit through the horrors of the Abyss.
168784 | Pan      | Identified the Incunabulum of Damaging Lightness
169121 | Pan      | Noticed Fureaxig the pandemonium lord
169126 | Pan      | Killed Fureaxig the pandemonium lord
169163 | Pan      | Reached skill level 27 in Conjurations
170011 | Pan      | Noticed Zophal the pandemonium lord
170027 | Pan      | Killed Zophal the pandemonium lord
170579 | Pan      | Gained mutation: You sometimes yell uncontrollably at your
                  | foes. [a cacodemon]
170592 | Pan      | Noticed Amejud the pandemonium lord
170597 | Pan      | Killed Amejud the pandemonium lord
171423 | Pan      | Noticed Bypef the pandemonium lord
171440 | Pan      | Killed Bypef the pandemonium lord
171538 | Pan      | Reached skill level 27 in Armour
171566 | Pan      | Found an exit through the horrors of the Abyss.
172464 | Pan      | Noticed Ipnoopli the pandemonium lord
172474 | Pan      | Killed Ipnoopli the pandemonium lord
172647 | Pan      | Identified the cursed +1 rapier "Tunuk" {flame, rElec
                  | Will+} (You found it in Pandemonium)
172917 | Pan      | Noticed Mujorgh the pandemonium lord
172932 | Pan      | Killed Mujorgh the pandemonium lord
173439 | Pan      | Found a runed translucent door.
173446 | Pan      | Entered the realm of Lom Lobon.
174139 | Pan      | Noticed Lom Lobon
174151 | Pan      | Killed Lom Lobon
174160 | Pan      | Got a magical rune of Zot
174335 | Pan      | Gained mutation: Armour fits poorly on your strangely
                  | shaped body. [a neqoxec]
175121 | Pan      | Noticed Ynuymud the pandemonium lord
175135 | Pan      | Killed Ynuymud the pandemonium lord
175349 | Pan      | Noticed Rioseg the pandemonium lord
175593 | Pan      | Noticed Fifecem the pandemonium lord
175615 | Pan      | Entered the realm of Cerebov.
175851 | Pan      | Found an exit through the horrors of the Abyss.
176369 | Pan      | Identified the cursed +0 long sword of the Apocalypse
                  | {drain, rPois} (You found it in Pandemonium)
176378 | Pan      | Identified the +2 ring mail of the Griffon {rF++ rC- Int+5}
                  | (You found it in Pandemonium)
176393 | Pan      | Identified the cursed +1 rapier "Zinkax" {vorpal, rC+
                  | Dex+5} (You found it in Pandemonium)
176396 | Pan      | Identified Hivvy's Grimoire of the Captivating Blaze
176436 | Pan      | Identified the +6 great mace "Xaoru" {venom, rElec Str+6
                  | Int-2 Stlth+} (You found it in Pandemonium)
176460 | Pan      | Identified the cursed +0 helmet of Hiteq {Rampage rPois
                  | Dex+6} (You found it in Pandemonium)
176473 | Pan      | Identified the amulet "Yxkur" {RegenMP +Inv Slay+3} (You
                  | found it in Pandemonium)
176619 | Pan      | Got a fiery rune of Zot
176773 | Pan      | Noticed Yrghoe Tetig the pandemonium lord
176821 | Pan      | Killed Yrghoe Tetig the pandemonium lord
177010 | Pan      | Entered the realm of Gloorx Vloq.
177570 | Pan      | Noticed Gloorx Vloq
177595 | Pan      | Killed Gloorx Vloq
177721 | Pan      | Got a dark rune of Zot
177817 | Pan      | Entered the realm of Mnoleg.
177837 | Pan      | Gained mutation: You are dopey. (Int -2) [a cacodemon]
177838 | Pan      | Gained mutation: You are agile. (Dex +2) [a cacodemon]
177917 | Pan      | Gained mutation: You are weak. (Str -2) [a cacodemon]
177952 | Pan      | Gained mutation: Your body sometimes deteriorates upon
                  | taking damage. [a neqoxec]
177979 | Pan      | Noticed Mnoleg
177990 | Pan      | Killed Mnoleg
178117 | Pan      | Gained mutation: You tend to lose your temper in combat. [a
                  | cacodemon]
178252 | Pan      | Gained mutation: You are very dopey. (Int -4) [a cacodemon]
178415 | Pan      | Got a glowing rune of Zot
178439 | Pan      | Gained mutation: You are very weak. (Str -4) [a neqoxec]
178441 | Pan      | Gained mutation: Your spells are a little easier to cast,
                  | but a little less powerful. [a neqoxec]
178493 | Pan      | Lost mutation: You are very dopey. (Int -4) [potion of
                  | mutation]
178493 | Pan      | Lost mutation: You have a pair of small horns on your head.
                  | [potion of mutation]
178493 | Pan      | Gained mutation: You have a pair of small horns on your
                  | head. [potion of mutation]
178494 | Pan      | Lost mutation: Your body sometimes deteriorates upon taking
                  | damage. [potion of mutation]
178494 | Pan      | Lost mutation: You are very weak. (Str -4) [potion of
                  | mutation]
178494 | Pan      | Gained mutation: You evolve. [potion of mutation]
178495 | Pan      | Lost mutation: You are frail. (-10% HP) [potion of
                  | mutation]
178495 | Pan      | Lost mutation: You are partially covered in iridescent
                  | scales. (AC +2) [potion of mutation]
178495 | Pan      | Lost mutation: You are dopey. (Int -2) [potion of mutation]
178495 | Pan      | Gained mutation: You are surrounded by a mild repulsion
                  | field. (EV +2) [potion of mutation]
178496 | Pan      | Lost mutation: You are highly strong-willed. (Will++)
                  | [potion of mutation]
178496 | Pan      | Lost mutation: You sometimes yell uncontrollably at your
                  | foes. [potion of mutation]
178496 | Pan      | Lost mutation: You are weak. (Str -2) [potion of mutation]
178496 | Pan      | Lost mutation: You tend to lose your temper in combat.
                  | [potion of mutation]
178496 | Pan      | Lost mutation: You evolve. [potion of mutation]
178496 | Pan      | Gained mutation: You have a pair of horns on your head.
                  | [potion of mutation]
178497 | Pan      | Lost mutation: You occasionally shout uncontrollably at
                  | your foes. [potion of mutation]
178497 | Pan      | Lost mutation: You are strong-willed. (Will+) [potion of
                  | mutation]
178497 | Pan      | Lost mutation: You have a pair of horns on your head.
                  | [potion of mutation]
178497 | Pan      | Gained mutation: You have large cloven feet. [potion of
                  | mutation]
178497 | Pan      | Gained mutation: You have a pair of horns on your head.
                  | [potion of mutation]
178497 | Pan      | Gained mutation: Your mind is acute. (Int +2) [potion of
                  | mutation]
178601 | Pan      | Noticed Roytudgha the pandemonium lord
178611 | Pan      | Killed Roytudgha the pandemonium lord
178763 | Depths:3 | Escaped Pandemonium
178767 | Pan      | Entered Pandemonium
178896 | Depths:3 | Escaped Pandemonium
178898 | Pan      | Entered Pandemonium
179327 | Pan      | Noticed Oshral the pandemonium lord
179330 | Pan      | Killed Oshral the pandemonium lord
179648 | Pan      | Found the +6 sword of Cerebov {flame}
179648 | Pan      | Noticed Cerebov
179675 | Pan      | Noticed Ignacio
179675 | Pan      | Killed Cerebov
179683 | Pan      | Reached skill level 27 in Dodging
179688 | Pan      | Killed Ignacio
179700 | Pan      | Gained mutation: You are frail. (-10% HP) [a neqoxec]
180216 | Pan      | Found a huge runed translucent gate.
180219 | Pan      | Found a huge runed translucent gate.
180221 | Pan      | Found a huge runed translucent gate.
180221 | Pan      | Found a huge runed translucent gate.
180233 | Pan      | Found a huge runed translucent gate.
180234 | Pan      | Found a huge runed translucent gate.
180235 | Pan      | Found a huge runed translucent gate.
180589 | Pan      | Acquired the +10 tower shield of Ignorance {rN+ Int-4}
180590 | Pan      | Found the +10 tower shield of Ignorance {rN+ Int-4}
180760 | Pan      | Noticed Ujaapro the pandemonium lord
180778 | Pan      | Killed Ujaapro the pandemonium lord
180801 | Pan      | Identified the +7 whip of Kismet {speed, +Rage rF++ Will++}
                  | (You found it in Pandemonium)
180939 | Pan      | Noticed Zipatod the pandemonium lord
180966 | Pan      | Killed Zipatod the pandemonium lord
181371 | Pan      | Noticed Juekk the pandemonium lord
181381 | Pan      | Killed Juekk the pandemonium lord
181585 | Pan      | Noticed Kimmisid the pandemonium lord
181600 | Pan      | Killed Kimmisid the pandemonium lord
181606 | Pan      | Gained mutation: You are very frail. (-20% HP) [a
                  | cacodemon]
181622 | Pan      | Gained mutation: Your magical capacity is low. (-10% MP) [a
                  | cacodemon]
181699 | Pan      | Found an exit through the horrors of the Abyss.
181799 | Pan      | Noticed Bosoad the pandemonium lord
181828 | Pan      | Killed Bosoad the pandemonium lord
181849 | Pan      | Identified the ring of the Unstoppable Knives {rF+ rN+
                  | Int+3 Dex+3 Slay-5} (You found it in Pandemonium)
181971 | Pan      | Noticed Kadog the pandemonium lord
181979 | Pan      | Killed Kadog the pandemonium lord
182237 | Pan      | Noticed Mennas
182258 | Pan      | Killed Mennas
182367 | Pan      | Noticed Guc Reti the pandemonium lord
182411 | Pan      | Killed Guc Reti the pandemonium lord
183170 | Pan      | Found an exit through the horrors of the Abyss.
183176 | Pan      | Took an exit into the Abyss.
183176 | Abyss:1  | Escaped into the Abyss
183198 | Abyss:1  | Paralysed by accursed screaming for 1 turns
183245 | Depths:3 | Escaped the Abyss
183566 | Tomb:2   | Noticed Boris
183567 | Tomb:2   | Noticed a royal mummy
183568 | Tomb:2   | Noticed a royal mummy
183569 | Tomb:2   | Noticed a royal mummy
183570 | Tomb:2   | Killed Boris
183571 | Tomb:2   | Killed a royal mummy
183572 | Tomb:2   | Killed a royal mummy
183573 | Tomb:2   | Noticed a royal mummy
183574 | Tomb:2   | Killed a royal mummy
183581 | Tomb:2   | Killed a royal mummy
183597 | Tomb:2   | Gained mutation: Scrolls take you a little longer to read.
                  | [mutagenic glow]
183666 | Tomb:2   | Noticed Sojobo
183894 | Tomb:2   | Killed Sojobo
184001 | Tomb:3   | Entered Level 3 of the Tomb of the Ancients
184013 | Tomb:3   | Noticed a royal mummy
184072 | Tomb:3   | Noticed a royal mummy
184078 | Tomb:3   | Killed a royal mummy
184083 | Tomb:3   | Killed a royal mummy
184088 | Tomb:3   | Noticed a royal mummy
184094 | Tomb:3   | Noticed a royal mummy
184094 | Tomb:3   | Noticed a royal mummy
184094 | Tomb:3   | Noticed a royal mummy
184095 | Tomb:3   | Noticed a royal mummy
184095 | Tomb:3   | Noticed a royal mummy
184095 | Tomb:3   | Noticed a royal mummy
184096 | Tomb:3   | Reached skill level 27 in Spellcasting
184211 | Tomb:3   | Killed a royal mummy
184214 | Tomb:3   | Killed a royal mummy
184216 | Tomb:3   | Killed a royal mummy
184216 | Tomb:3   | Killed a royal mummy
184217 | Tomb:3   | Killed a royal mummy
184221 | Tomb:3   | Killed a royal mummy
184222 | Tomb:3   | Killed a royal mummy
184297 | Tomb:3   | Found the +8 longbow "Zephyr" {speed, Dex+3 SInv}
184298 | Tomb:3   | Found the +8 whip "Snakebite" {curare, rPois}
184394 | Tomb:3   | Got a golden rune of Zot
185031 | Zot:5    | Got the Orb of Zot
185170 | Zot:1    | Noticed Muvveum the pandemonium lord
185517 | D:10     | Noticed Bufocvoro the pandemonium lord
185517 | D:10     | Noticed an ancient lich
185520 | D:10     | Killed an ancient lich
185773 | D:$      | Escaped with the Orb!

Illustrated notes

Levels and vault maps discovered:
D:1:      kennysheep_arrival_forest, layout_rooms
D:2:      wander_river, layout_basic, nicolae_tso_swordbearing_angel,
          solitary_fountain
D:3:      minmay_goblin_kobold_castle, layout_basic, dk_noncrumbling_3,
          uniq_terence
D:4:      layout_rooms, lemuel_round_altar, lemuel_doored_altar,
          nicolae_overflow_crystal_walls, gammafunk_temple_overflow_forgotten,
          lemuel_crystal_altar, minmay_temple_entry_trees,
          nicolae_ossuary_entry_monument, uniq_edmund
D:5:      layout_basic, serial_shops, nicolae_shop_trees, supply_closet_lemuel,
          nemelex_spade_bored_becter, uniq_sigmund
D:6:      layout_loops_ring, uniq_prince_ribbit1
D:7:      layout_loops_ring, abandoned_shop
D:8:      layout_loops_ring, basic_altar
D:9:      layout_basic, serial_shops, kennysheep_mini
D:10:     layout_big_octagon, dpeg_oklobed_lair, gammafunk_ghost_abyssal_escape,
          serial_column_ruins, column_ruins_grid_1, column_ruins_open_small,
          column_ruins_columns_straight, column_ruins_columns_T,
          column_ruins_open_tiny, column_ruins_corridor_corner, serial_shops,
          shop, basic_altar, doesnt_shop_hydraphobe
D:11:     layout_roguey, kennysheep_orc_monster_closet_entryway, special_room
          [special_room_bee]
D:12:     layout_long_grid
D:13:     layout_loops_ring, gauntlet_entry_generic, kennysheep_generic_room_9,
          uniq_rupert, uniq_maurice
D:14:     layout_gridville, david_vaults_2, gammafunk_ghost_cemetery,
          serial_shops, shop_fountains, roderic_lattice_a
D:15:     hangedman_depths_entry_civil_slaughter, layout_basic, basic_altar,
          nicolae_trove_entry_isolated, kennysheep_pointless_box
Temple:   eino_temple_water
Lair:1:   layout_hall_layers, portal_ice_cave_rime
Lair:2:   layout_roguey, lemuel_fruit_tree, lemuel_fruit_fields, uniq_erica
Lair:3:   minmay_lair_oklob_tunnel, layout_regular_city, minivault_26,
          cheibrodos_lair_caveside_slide, kennysheep_basilisk_garden,
          serial_bayou_shore_a
Lair:4:   dragon1_lemuel, layout_cave_pods, skrybe_swamp_entry_bodies,
          dummy_spider_entry, nzn_sisyphean_effort, grunt_megastairs_1,
          minmay_lair_oklob_chamber, uniq_josephine
Lair:5:   layout_misc_corridors
Lair:6:   evilmike_catoblepas_cave, layout_layer_cave, slime_altar_1,
          cheibrodos_lair_lostbears, grunt_megastairs_5
Swamp:1:  layout_basic_swamp, evilmike_swamp_ruin_house_1
Swamp:2:  layout_falls_marsh, gammafunk_ghost_abyssal_escape,
          evilmike_swamp_ruin_house_5, cheibrodos_swamp_pet_leeches
Swamp:3:  layout_falls_marsh, ebering_ghost_rock_garden,
          evilmike_swamp_ruin_rubble_2, swamp_pool2, uniq_donald, uniq_kirke
Swamp:4:  grunt_swamp_rune_castle, layout_basic_swamp, swamp_pool1
Spider:1: layout_chambers, nicolae_spider_shape,
          hangedman_spider_tarantella_strand
Spider:2: layout_spider_delve
Spider:3: layout_spider_delve
Spider:4: guppyfry_spider_rune
Slime:1:  layout_caves
Slime:2:  layout_caves
Slime:3:  layout_caves
Slime:4:  layout_caves, basic_altar
Slime:5
Orc:1:    nicolae_orc_accident_2, layout_caves, minmay_shop_mayhem, uniq_snorg,
          uniq_urug
Orc:2:    grunt_orc_cross, layout_caves, uniq_erolcha
Elf:1:    kennysheep_spiral_hall, layout_geoelf_octagon, special_room
          [special_room_orc], serial_shops, nicolae_shop_stone,
          corexii_leaking_fountain, nemelex_altar_shiori
Elf:2:    layout_onion_city, nicolae_elf_glass_and_crystal_pillar_2,
          st_stairs_5, patterned_corridor
Elf:3:    elf_hall, layout_geoelf_octagon,
          ploomutoo_gammafunk_ghost_potion_laboratory, serial_shops, shop
Vaults:1: vaults_room_fours, nicolae_vaults_network_square,
          nicolae_vaults_good_morning_starshine,
          nicolae_vaults_little_squares_4, dpeg_vaults_monster_box,
          grunt_vaults_diagonal, v_misc_30, grunt_vaults_focal,
          ontoclasm_vaults_twist, v_misc_2, grunt_vaults_hallway_long,
          grunt_vaults_hallway_long, vaults_room_stairs_pillars, serial_ice_m,
          ontoclasm_vaults_loading_screen, vaults_room_stairs_pillars,
          layout_vaults_omnicross
Vaults:2: v_misc_15, st_lines, hangedman_vaults_stagger,
          nicolae_vaults_twisting_passages, nicolae_vaults_three_branches,
          v_misc_24, nicolae_vaults_ring_of_whatevers,
          ontoclasm_vaults_decontamination, nicolae_vaults_alarming,
          layout_vaults_omnigrid, serial_shops, shop, uniq_bai_suzhen
Vaults:3: minmay_crypt_entry_simple_plaza, v_misc_16, v_rooms_6,
          hangedman_vaults_restitches, v_rooms_6, vaults_dpeg_hooks,
          hangedman_vaults_nodes, nicolae_vaults_specimen_jars,
          vaults_mumra_hex, nicolae_vaults_diagonal_hallway_7,
          nicolae_vaults_gold_heap, layout_vaults_maze_snakey
Vaults:4: vaults_standard_mumra_x, ontoclasm_vaults_eye,
          hangedman_vaults_stitches, hangedman_vaults_slice,
          vaults_standard_mumra_enter_the_diamond, ontoclasm_vaults_spin,
          vaults_mumra_lcd, nicolae_vaults_asterisk, nicolae_vaults_asterisk,
          ontoclasm_vaults_pinch, grunt_vaults_hallway_long, v_misc_16,
          nicolae_vaults_little_squares_2, vaults_dpeg_ring, layout_vaults_ring,
          serial_glass
Vaults:5: serial_shops
Crypt:1:  layout_regular_city, minmay_guarded_unrand_curses,
          grunt_crypt_arrival_guarded_gate, uniq_saint_roka, uniq_margery
Crypt:2:  layout_gridlike, grunt_ministairs_2, st_stairs_7
Crypt:3:  evilmike_haunted_forest
Tomb:1
Tomb:2:   uniq_sojobo, uniq_boris
Tomb:3
Depths:1: layout_gridlike, rand_demon_pan_entry_7, ebering_ghost_inner_flame,
          hangedman_geh_valley, serial_glass, glass_columns_b, glass_columns_b,
          glass_columns_a, glass_columns_b, corner_web_ring, minivault_16,
          guppyfry_shop_blood, firewood_loft
Depths:2: minmay_rotating_shell, layout_honeycomb, enter_ziggurat_e,
          columned_hall_lemuel, serial_shops, nicolae_shop_waterfront,
          hell_entry, abyss_entry, serial_bayou_shore_b
Depths:3: minmay_polygon_palace, layout_cave_pools, moated_statue, hell_entry,
          rand_demon_pan_entry_5, abyss_entry, lemuel_freeze_loot_1,
          infiniplex_staircase_zigzag_1
Depths:4: four-leaf_vault, layout_gridlike, pf_hell_entry_tar_river,
          abyss_entry, hangedman_abyss_or_decor_clamps, cheibriados_altar_1,
          minmay_shop_star, uniq_mara
Depths:5: grunt_zot_entry_pinwheel, layout_cave_shapes,
          nicolae_abyss_entry_one_way_or_another, grunt_pan_entry_sceptre,
          hangedman_decor_points, hell_entry, guppyfry_shop_venom,
          uniq_enchantress
Hell
Dis:1:    layout_jigsaw
Dis:2:    hangedman_dis_monolith, layout_regular_city
Dis:3:    layout_gridville
Dis:4:    layout_regular_city, grunt_dis_stairs_iron_hall
Dis:5:    layout_gridville
Dis:6:    layout_subdivisions
Dis:7:    iron_city_of_dis [dis_grunt, dis_wall_8], layout_chaotic_city
Geh:1:    layout_gehenna_pools_box
Geh:2:    layout_gehenna_pools_triple
Geh:3:    layout_gehenna_pools_basic
Geh:4:    layout_gehenna_lava_caves
Geh:5:    layout_gehenna_pools_box
Geh:6:    layout_gehenna_lava_caves, lemuel_elevator
Geh:7:    geh_hangedman
Coc:1:    layout_ice_bergs
Coc:2:    layout_cocytus_water_paths
Coc:3:    layout_cocytus_delve, hangedman_elemental_corridor
Coc:4:    layout_ice_bergs, serial_ice
Coc:5:    layout_cocytus_delve, nicolae_coc_three_mouths
Coc:6:    layout_ice_bergs
Coc:7:    coc_mu
Tar:1:    layout_catacombs
Tar:2:    layout_cathedral_of_symmetry, nicolae_tar_cuneiform_heaven,
          nicolae_tar_cuneiform_oil
Tar:3:    layout_catacombs
Tar:4:    regret_index_dithmenos_brocken_genspenst, layout_catacombs
Tar:5:    layout_grid_maze
Tar:6:    layout_grid_maze
Tar:7:    tar_grunt_cathedral
Zot:1:    layout_basic, st_large_dragon_hoard_1, grunt_megastairs_2
Zot:2:    layout_gridlike, st_stairs_11
Zot:3:    ebering_greatest_show_in_zot, layout_concentric_octagons
Zot:4:    layout_misc_corridors
Zot:5:    layout_misc_corridors

Skill      XL: |  1  2  3  4  5  6  7  8  9 10 11 12 13 14 15 16 17 18 19 20 21 22 23 24 25 26 27 |
---------------+----------------------------------------------------------------------------------+-----
Earth Magic    | 4 5 7 8 10 11 12 13 15 17 19 22 25 27 | 27.0
Conjurations   | 2 3 8 9 10 11 13 14 15 16 17 27 | 27.0
Fighting       | 1 3 4 6 10 13 15 27 | 27.0
Armour         | 3 5 6 7 10 13 17 27 | 27.0
Spellcasting   | 3 4 6 8 10 12 14 15 17 27 | 27.0
Shields        | 4 5 13 15 27 | 27.0
Invocations    | 5 7 10 12 13 | 13.0
Slings         | 3 |  3.1
Summonings     | 4 8 |  8.0
Air Magic      | 3 5 6 |  6.0
Dodging        | 3 4 6 8 27 | 27.0
Translocations | 2 4 6 |  6.1
Maces & Flails | 21 | 21.1
Stealth        | |  2.1
Transmutations | |  0.7

Action                   |  1- 3 |  4- 6 |  7- 9 | 10-12 | 13-15 | 16-18 | 19-21 | 22-24 | 25-27 || total
-------------------------+-------+-------+-------+-------+-------+-------+-------+-------+-------++-------
Melee: Mace              |    50 |       |       |       |       |       |       |       |       ||    50
       Unarmed           |     2 |       |       |       |       |       |       |       |       ||     2
       Short sword       |       |   213 |    50 |       |       |       |       |       |       ||   263
       Morningstar       |       |       |       |    19 |    28 |       |       |       |       ||    47
       Flail             |       |       |       |     2 |   161 |   309 |   340 |    16 |       ||   828
       Hunting sling     |       |       |       |       |     1 |       |       |       |       ||     1
       Hand axe          |       |       |       |       |       |       |       |    27 |       ||    27
       Staff             |       |       |       |       |       |       |       |       |   405 ||   405
       Sacred scourge    |       |       |       |       |       |       |       |       |  7562 ||  7562
       Headbutt          |       |       |       |       |       |       |       |       |   771 ||   771
       Demon whip        |       |       |       |       |       |       |       |       |   168 ||   168
       Bite              |       |       |       |       |       |       |       |       |    39 ||    39
 Fire: Hunting sling     |     5 |    44 |   171 |   296 |   235 |       |       |       |       ||   751
       Fustibalus        |       |       |       |       |       |       |       |       |    23 ||    23
 Cast: Sandblast         |    15 |    18 |   187 |   243 |    57 |       |       |       |       ||   520
       Stone Arrow       |       |     3 |     3 |   127 |   169 |    54 |    12 |     3 |       ||   371
       Summon Lightning  |       |       |       |     4 |    99 |    36 |    64 |     6 |     1 ||   210
       Magic Dart        |       |       |       |       |   103 |     6 |       |     1 |       ||   110
       Mephitic Cloud    |       |       |       |       |    23 |     2 |       |       |       ||    25
       Blink             |       |       |       |       |    24 |     5 |     2 |     8 |     2 ||    41
       Iskenderun's Batt |       |       |       |       |    21 |       |       |       |       ||    21
       Lee's Rapid Decon |       |       |       |       |     1 |       |       |       |       ||     1
       Iron Shot         |       |       |       |       |    57 |   378 |   419 |   177 |   562 ||  1593
       Orb of Destructio |       |       |       |       |       |   121 |   142 |   107 |   611 ||   981
       Swiftness         |       |       |       |       |       |     5 |    14 |     8 |    23 ||    50
       Borgnjor's Vile C |       |       |       |       |       |       |    27 |    27 |    52 ||   106
       Shatter           |       |       |       |       |       |       |     8 |    81 |   625 ||   714
       Apportation       |       |       |       |       |       |       |       |     4 |     1 ||     5
       Lehudib's Crystal |       |       |       |       |       |       |       |       |  1189 ||  1189
       Passage of Golubr |       |       |       |       |       |       |       |       |     7 ||     7
Invok: Channel Magic     |       |       |       |     7 |     3 |       |     2 |     2 |     3 ||    17
       Forget Spell      |       |       |       |       |     1 |       |       |       |       ||     1
       Summon Divine War |       |       |       |       |       |       |       |       |     4 ||     4
       Divine Shield     |       |       |       |       |       |       |       |       |     2 ||     2
       Cleansing Flame   |       |       |       |       |       |       |       |       |     1 ||     1
       Brand Weapon With |       |       |       |       |       |       |       |       |     1 ||     1
 Abil: Stop Flying       |       |       |     1 |       |     1 |     2 |       |     2 |     3 ||     9
       Evoke Flight      |       |       |     1 |       |       |       |       |       |       ||     1
       Fly               |       |       |       |       |     1 |     2 |       |     2 |     4 ||     9
Evoke: Wand              |       |       |     4 |    30 |    15 |    22 |    12 |     8 |     5 ||    96
       Lightning rod     |       |       |       |       |     4 |       |       |       |       ||     4
       Condenser vane    |       |       |       |       |       |       |       |     1 |       ||     1
       Box of beasts     |       |       |       |       |       |       |       |       |     2 ||     2
       Phantom mirror    |       |       |       |       |       |       |       |       |     2 ||     2
  Use: Scroll            |       |       |       |    19 |     8 |    12 |     3 |     7 |    71 ||   120
       Potion            |       |       |       |     5 |    11 |       |       |       |    46 ||    62
 Stab: Sleeping          |     4 |     1 |       |       |     1 |     1 |     1 |       |       ||     8
       Distracted        |       |       |       |     1 |     3 |     2 |     3 |       |       ||     9
       Paralysed         |       |       |       |       |       |     2 |       |       |       ||     2
Armor: Robe              |    13 |   105 |    29 |       |       |       |       |       |       ||   147
       Chain mail        |       |       |    63 |   110 |       |       |       |       |       ||   173
       Scale mail        |       |       |       |   137 |   247 |       |       |       |  2013 ||  2397
       Leather armour    |       |       |       |       |   128 |   420 |   262 |   145 |    81 ||  1036
Dodge: Dodged            |    41 |   217 |    64 |   139 |   334 |   321 |   245 |    87 |  3012 ||  4460
Block: Buckler           |       |       |     3 |    72 |   183 |    49 |       |       |       ||   307
       Kite shield       |       |       |       |       |       |   291 |   573 |   231 |  7495 ||  8590
       Reflection        |       |       |       |       |       |     3 |   163 |    49 |   202 ||   417
